 Dungeon Crawl Stone Soup version 0.30-a0-743-gbfdf073431 (webtiles) character file.

Game seed: 15084213089421633959

559617 scionoferis the Acrobat (level 24, -4/207 HPs)
             Began as a Demigod Hexslinger on Feb 5, 2023.
             Succumbed to a death drake's dark miasma
             ... on level 3 of the Realm of Zot.
             The game lasted 04:37:51 (75342 turns).

scionoferis the Acrobat (Demigod Hexslinger)       Turns: 75342, Time: 04:37:51

Health: -4/207     AC: 20    Str: 11    XL:     24   Next: 12%
Magic:  40/40      EV: 80    Int: 23    God:
Gold:   2406       SH: 14    Dex: 58    Spells: 16/38 levels left

rFire   + + .      SeeInvis +    c - +7 demon blade of Amup {freeze, Fragile rPois Dex+6 Stlth+}
rCold   + . .      Faith    .    e - +1 buckler {AC+3}
rNeg    + . .      Spirit   .    t - +2 robe {rC+ rF+}
rPois   +          Reflect  .    Z - +4 helmet of the Equinox {rCorr SInv}
rElec   .          Harm     .    H - +1 cloak "Jeaschuff" {rN+}
rCorr   +          Rampage  .    r - +2 pair of gloves {Dex+3}
Will    +++..                    b - +2 pair of boots {Fly}
Stlth   +++++++++                D - amulet "Umueno" {Acrobat Fragile rF+ Int-4 Dex+9}
HPRegen 0.54/turn                P - +6 ring of dexterity
MPRegen 0.27/turn                E - ring of willpower

@: lethally poisoned (-4 -> -40), acrobatic, flying, slowed, studying 2 skills,
very slow
A: high MP 1, forlorn, divine attributes
}: 3/15 runes: decaying, slimy, gossamer
a: no special abilities


You were on level 3 of the Realm of Zot.
You visited 11 branches of the dungeon, and saw 52 of its levels.
You visited the Abyss 1 time.
You visited 2 bazaars.
You also visited: Ossuary, Ice Cave, Volcano and Wizlab.

You collected 7638 gold pieces.
You spent 5232 gold pieces at shops.


Innate Abilities, Weirdness & Mutations

You have an increased reservoir of magic. (+10% MP)
You shall have no god before yourself.
Your divine heritage dramatically boosts your attributes as you level up.


   Skills:
 + Level 15.4 Fighting
 - Level 14.0 Long Blades
 - Level 1.7 Ranged Weapons
 + Level 15.4 Throwing
 - Level 3.0 Armour
 + Level 23.3 Dodging
 - Level 12.0 Stealth
 - Level 12.0 Shields
 + Level 7.8 Spellcasting
 - Level 2.6 Hexes
 + Level 13.9 Necromancy
 + Level 12.5 Translocations
 * Level 9.4 Transmutations
 - Level 4.0 Air Magic
 - Level 15.0 Evocations


You had 16 spell levels left.
You knew the following spells:

 Your Spells              Type           Power      Damage    Failure   Level
a - Blink                 Tloc           100%       N/A       1%          2
b - Apportation           Tloc           100%       N/A       1%          1
c - Manifold Assault      Tloc           61%        N/A       1%          4
d - Wereblood             Tmut           51%        N/A       1%          2
e - Vhi's Electric Charg  Tloc/Air       94%        N/A       1%          3
f - Animate Dead          Necr           64%        N/A       1%          4
g - Death Channel         Necr           32%        N/A       4%          6

Your spell library contained the following spells:

 Spells                   Type           Power      Damage    Failure   Level
 Beastly Appendage        Tmut           100%       N/A       1%          1
 Kiss of Death            Conj/Necr      100%       2d13      1%          1
 Necrotise                Necr           100%       1d9       1%          1
 Sting                    Tmut/Pois      100%       1d8       1%          1
 Passwall                 Tmut/Erth      25%        N/A       1%          2
 Sublimation of Blood     Necr           64%        N/A       1%          2
 Gell's Gravitas          Tloc           61%        N/A       1%          3
 Portal Projectile        Hex/Tloc       88%        N/A       1%          3
 Teleport Other           Tloc           61%        N/A       1%          3
 Vampiric Draining        Necr           64%        2d10      1%          3
 Dispel Undead            Necr           64%        3d22      1%          4
 Agony                    Necr           64%        N/A       1%          5
 Slow                     Hex            84%        N/A       2%          1
 Kindle Blastsparks       Fire/Tloc/Air  68%        2d15      2%          3
 Anguish                  Hex/Necr       23%        N/A       2%          4
 Spider Form              Tmut/Pois      30%        N/A       3%          3
 Swiftness                Air            27%        N/A       4%          3
 Poisonous Vapours        Pois/Air       36%        N/A       5%          2
 Static Discharge         Conj/Air       36%        2-4/arc   5%          2
 Iskenderun's Mystic Bla  Conj/Tloc      37%        2d9       6%          4
 Ignite Poison            Fire/Tmut/Pois 23%        N/A       7%          3
 Ensorcelled Hibernation  Hex/Ice        30%        N/A       8%          2
 Dispersal                Tloc           30%        N/A       8%          6
 Foxfire                  Conj/Fire      36%        2x1d5     9%          1
 Magic Dart               Conj           36%        1d4       9%          1
 Summon Small Mammal      Summ           36%        N/A       9%          1
 Confusing Touch          Hex            21%        N/A       9%          3
 Petrify                  Tmut/Erth      30%        N/A       12%         4
 Call Imp                 Summ           9%         N/A       13%         2
 Scorch                   Fire           18%        2d5       13%         2
 Searing Ray              Conj           18%        2d5       13%         2
 Borgnjor's Vile Clutch   Necr/Erth      20%        N/A       13%         5
 Dazzling Flash           Conj/Hex       30%        N/A       14%         3
 Inner Flame              Hex/Fire       15%        N/A       14%         3
 Mephitic Cloud           Conj/Pois/Air  15%        N/A       14%         3
 Summon Guardian Golem    Hex/Summ       15%        N/A       14%         3
 Airstrike                Air            13%        2d(2-18)  16%         4
 Summon Forest            Summ/Tloc      18%        N/A       19%         5
 Yara's Violent Unravell  Hex/Tmut       18%        3d9       19%         5
 Call Canine Familiar     Summ           9%         N/A       26%         3
 Ozocubu's Armour         Ice            9%         N/A       26%         3
 Stone Arrow              Conj/Erth      18%        3d8       26%         3
 Cause Fear               Hex            10%        N/A       28%         4
 Alistair's Intoxication  Tmut/Pois      20%        N/A       32%         5
 Irradiate                Conj/Tmut      15%        3d16      32%         5
 Summon Lightning Spire   Summ/Air       18%        N/A       36%         4
 Fulminant Prism          Conj/Hex       7%         3d7       43%         4
 Leda's Liquefaction      Hex/Erth       7%         N/A       43%         4
 Silence                  Hex/Air        12%        N/A       52%         5
 Simulacrum               Ice/Necr       20%        N/A       58%         6
 Flame Wave               Conj/Fire      9%         2d6       63%         4
 Olgreb's Toxic Radiance  Pois           9%         N/A       63%         4
 Sticky Flame             Conj/Fire      9%         2d3       63%         4
 Summon Ice Beast         Ice/Summ       9%         N/A       63%         4
 Arcjolt                  Conj/Air       9%         1d19      71%         5
 Lightning Bolt           Conj/Air       9%         1d21      71%         5
 Freezing Cloud           Conj/Ice/Air   7%         6-21      80%         5
 Metabolic Englaciation   Hex/Ice        7%         N/A       80%         5
 Summon Mana Viper        Hex/Summ       15%        N/A       80%         5
 Eringya's Noxious Bog    Tmut/Pois      15%        N/A       88%         6
 Statue Form              Tmut/Erth      20%        N/A       88%         6
 Borgnjor's Revivificati  Necr           32%        N/A       88%         8
 Infestation              Necr           32%        N/A       88%         8
 Fireball                 Conj/Fire      4%         3d4       93%         5
 Lee's Rapid Deconstruct  Erth           4%         3d5*      93%         5
 Haunt                    Necr/Summ      20%        N/A       99%         7
 Malign Gateway           Summ/Tloc      18%        N/A       99%         7
 Storm Form               Tmut/Air       19%        N/A       99%         7
 Starburst                Conj/Fire      4%         6d4       100%        6
 Summon Cactus Giant      Summ           4%         N/A       100%        6
 Enfeeble                 Hex            10%        N/A       100%        7
 Monstrous Menagerie      Summ           4%         N/A       100%        7
 Ozocubu's Refrigeration  Ice            4%         4d8       100%        7
 Summon Hydra             Summ           4%         N/A       100%        7
 Discord                  Hex            10%        N/A       100%        8
 Lehudib's Crystal Spear  Conj/Erth      4%         10d3      100%        8
 Maxwell's Capacitive Co  Air            13%        ∞         100%        8
 Summon Horrible Things   Summ           4%         N/A       100%        8
 Fire Storm               Conj/Fire      4%         8d1       100%        9
 Polar Vortex             Ice            4%         N/A       100%        9

Inventory:

Hand Weapons
 c - the +7 demon blade of Amup (weapon) {freeze, Fragile rPois Dex+6 Stlth+}
   (You acquired it on level 9 of the Dungeon)

   Dex:       It affects your dexterity (+6).
   rPois:     It protects you from poison.
   Fragile:   It will be destroyed if unequipped.
   Stlth:     It makes you more stealthy.
Missiles
 d - 2 boomerangs of dispersal
 p - 27 poisoned darts (quivered)
 u - 2 silver boomerangs
 M - 3 curare-tipped darts
 R - 19 boomerangs
 U - 6 javelins
 Y - 5 silver javelins
Armour
 b - a +2 pair of boots of flying (worn)
   (You bought it in a shop in a bazaar)
 e - a +1 buckler of protection (worn)
   (You took it off a tengu reaver on level 15 of the Dungeon)
 r - a +2 pair of gloves of dexterity (worn)
   (You bought it in a shop on level 2 of the Vaults)
 t - a +2 robe of resistance (worn)
   (You took it off a vampire mage on level 2 of the Crypt)
 H - the +1 cloak "Jeaschuff" (worn) {rN+}
   (You found it on level 15 of the Dungeon)

   rN:        It protects you from negative energy.
 Z - the +4 helmet of the Equinox (worn) {rCorr SInv}
   (You found it on level 3 of the Crypt)

   SInv:      It lets you see invisible.
   rCorr:     It protects you from acid and corrosion.
Jewellery
 n - the ring of Untruth {rC+ Str+6 Stlth+}
   (You took it off a deep elf annihilator on level 3 of the Elven Halls)

   [ring of strength]

   Str:       It affects your strength (+6).
   rC:        It protects you from cold.
   Stlth:     It makes you more stealthy.
 D - the amulet "Umueno" (around neck) {Acrobat Fragile rF+ Int-4 Dex+9}
   (You found it on level 5 of the Pits of Slime)

   [amulet of the acrobat]

   It increases your evasion while moving and waiting.
   Int:       It affects your intelligence (-4).
   Dex:       It affects your dexterity (+9).
   rF:        It protects you from fire.
   Fragile:   It will be destroyed if unequipped.
 E - a ring of willpower (right hand)
   (You bought it in a shop on level 2 of the Vaults)
 G - a ring of protection from fire
   (You found it on level 3 of the Spider Nest)
 P - a +6 ring of dexterity (left hand)
   (You found it on level 8 of the Dungeon)
 T - the ring of Undoing {Fire Will+ Str+3 Int+3}
   (You found it on level 5 of the Pits of Slime)

   [ring of fire]

   It enhances your fire magic.
   Str:       It affects your strength (+3).
   Int:       It affects your intelligence (+3).
   rF:        It protects you from fire.
   rC:        It makes you vulnerable to cold.
   Will:      It increases your willpower.
Wands
 s - a wand of charming (28)
   (You found it on level 2 of the Swamp)
 x - a wand of acid (18)
   (You took it off Maurice on level 8 of the Dungeon)
 C - a wand of mindburst (27)
   (You bought it in a shop on level 5 of the Dungeon)
 L - a wand of roots (36)
   (You found it on level 11 of the Dungeon)
 S - a wand of digging (13)
   (You found it on level 5 of the Pits of Slime)
Scrolls
 f - 10 scrolls of fog
 g - 8 scrolls of poison
 h - 2 scrolls of silence
 j - 20 scrolls of teleportation
 w - 11 scrolls of fear
 y - 13 scrolls of vulnerability
 z - 8 scrolls of blinking
 B - 10 scrolls of butterflies
 N - 6 scrolls of magic mapping
Potions
 k - 13 potions of heal wounds
 m - 8 potions of might
 o - 21 potions of ambrosia
 q - 28 potions of curing
 v - 9 potions of haste
 A - 2 potions of brilliance
 F - 4 potions of cancellation
 I - 12 potions of flight
 J - 7 potions of mutation
 Q - 5 potions of resistance
 W - 5 potions of invisibility
Miscellaneous
 a - a condenser vane
   (You found it on level 10 of the Dungeon)
 i - a phial of floods
   (You found it on level 3 of the Elven Halls)
 l - a phantom mirror
   (You found it in a wizard's laboratory)
 O - a box of beasts
   (You found it on level 4 of the Lair of Beasts)
 X - a lightning rod (4/4)
   (You found it on level 2 of the Elven Halls)

Dungeon Overview and Level Annotations

Branches:
Dungeon (15/15)            Temple (0/1) D:7            Lair (5/5) D:9
  Swamp (4/4) Lair:3       Spider (4/4) Lair:2        Slime (5/5) Lair:4
    Orc (2/2) D:9             Elf (3/3) Orc:2        Vaults (4/5) D:13
  Crypt (3/3) Vaults:3       Tomb (0/3) Crypt:3      Depths (4/4) D:15
    Zot (3/5) Depths:4    Ossuary (visited)           IceCv (visited)
Volcano (visited)          WizLab (visited)

Shops:
D:5 *   D:6 !   D:8 :   D:10 [   Orc:2 ?!(:*   Vaults:2 [*=?(

Portals:
Hell: Depths:1 Depths:2 Depths:3 Depths:4
Abyss: Depths:1 Depths:3 Depths:4
Pandemonium: Depths:2
Ziggurat: Depths:4
Bazaar: Depths:3

Annotations:
Elf:1 3 runed translucent doors, gelatine's ghost, journeyman DsVM
Vaults:5 ! DANGER
Zot:1 2 transporters, exclusion: orange crystal statue, Ytolar's ghost, legendary DsFi

...### ..##### #d #......
......### #q
##.#...............## ###.
##.......#######.....###.qk
##... ..###.#°#.###.......##
#....$ ###..°°°..###...)§##
#.....##....°k°}...##q....##
#....##.^...°8°°..^§##.k....
#....##..8.@.....8..##d.....
#...##......###......##.⌠...
#...#......)...#.....##...⌠.
#...##..).......#.°...§....§
#...#.^.<.......#.<.^.......
#...##....#.....#.....!..?..
#...#......#...#.....##...⌠.
#...##......###.)....##.⌠...
#....##..8.......8..##......


You could see a death drake (summoned).


Message History

You freeze the shadow dragon.
The shadow dragon is moderately wounded.
The shadow dragon breathes negative energy at you.
The bolt of negative energy misses you.
The quicksilver dragon roars deafeningly!
You slice the shadow dragon!! You freeze the shadow dragon.
The shadow dragon is heavily wounded.
The quicksilver dragon completely misses you. x2
You hit the shadow dragon.
The shadow dragon is heavily wounded.
The quicksilver dragon breathes dispelling energy at you.
The bolt of dispelling energy misses you.
The shadow dragon completely misses you.
The shadow dragon closely misses you.
The shadow dragon claws you but does no damage.
You completely miss the shadow dragon.
The shadow dragon is heavily wounded.
The quicksilver dragon completely misses you.
You block the quicksilver dragon's attack.
The shadow dragon completely misses you. x3
You chop the shadow dragon into pieces!!!
You freeze the shadow dragon.
The shadow dragon is severely wounded.
The quicksilver dragon bites you but does no damage.
The quicksilver dragon completely misses you.
You slash the shadow dragon!
The shadow dragon is almost dead.
The quicksilver dragon completely misses you. x2
The shadow dragon completely misses you.
You block the shadow dragon's attack. x2
You closely miss the shadow dragon.
The shadow dragon is almost dead.
You block the quicksilver dragon's attack. x2
You hit the shadow dragon but do no damage.
The shadow dragon is almost dead.
The shadow dragon breathes negative energy at you.
The bolt of negative energy misses you. The quicksilver dragon misses you.
The quicksilver dragon completely misses you.
You cut the shadow dragon into ribbons!!!
You kill the shadow dragon!
The shadow dragon scales are intact enough to wear.
The quicksilver dragon breathes dispelling energy at you.
The bolt of dispelling energy misses you.
You slice the quicksilver dragon like a ripe choko!!!
You freeze the quicksilver dragon!
The quicksilver dragon is heavily wounded.
The quicksilver dragon misses you.
The quicksilver dragon completely misses you.
You hit the quicksilver dragon. You freeze the quicksilver dragon.
The quicksilver dragon is heavily wounded.
You block the quicksilver dragon's attack.
The quicksilver dragon completely misses you.
You closely miss the quicksilver dragon.
The quicksilver dragon is heavily wounded.
The quicksilver dragon breathes dispelling energy at you.
The bolt of dispelling energy misses you.
You hit the quicksilver dragon but do no damage.
The quicksilver dragon is heavily wounded.
You hit the quicksilver dragon. You freeze the quicksilver dragon.
The quicksilver dragon is heavily wounded.
The quicksilver dragon breathes dispelling energy at you.
The bolt of dispelling energy hits you!!!
You hit the quicksilver dragon but do no damage.
The quicksilver dragon is heavily wounded.
The quicksilver dragon completely misses you.
You block the quicksilver dragon's attack.
You barely miss the quicksilver dragon.
The quicksilver dragon is heavily wounded.
The quicksilver dragon completely misses you.
You block the quicksilver dragon's attack.
You completely miss the quicksilver dragon.
The quicksilver dragon is heavily wounded.
You block the quicksilver dragon's attack. x2
You slash the quicksilver dragon! You freeze the quicksilver dragon.
The quicksilver dragon is severely wounded.
You block the quicksilver dragon's attack.
The quicksilver dragon completely misses you.
You hit the quicksilver dragon. You freeze the quicksilver dragon.
The quicksilver dragon is severely wounded.
The quicksilver dragon breathes dispelling energy at you.
The bolt of dispelling energy misses you.
You hit the quicksilver dragon. You freeze the quicksilver dragon.
The quicksilver dragon is almost dead.
You block the quicksilver dragon's attack. x2
You miss the quicksilver dragon.
The quicksilver dragon is almost dead.
The quicksilver dragon breathes dispelling energy at you.
The bolt of dispelling energy hits you!!
You slash the quicksilver dragon! You freeze the quicksilver dragon.
You kill the quicksilver dragon!
No target in view!
You reach down and open the door.
A storm dragon comes into view.
There is an open door here.
The helpless storm dragon fails to defend itself.
You cut the storm dragon into ribbons!!!!
You freeze the storm dragon!!
You kill the storm dragon!
No target in view!
No target in view!
You reach down and open the door.
Found a potion of attraction.
There is an open door here.
You reach down and open the door. 2 red draconians and a white draconian come into view.
The white draconian roars!
The red draconian roars!
You hear a roar! x2
The red draconian roars!
A black draconian knight comes into view.
It is wielding a +0 war axe.
There is an open door here.
The white draconian completely misses you.
You slash the white draconian! You freeze the white draconian.
The white draconian is lightly wounded.
You block the white draconian's attack.
You slice the white draconian!! You freeze the white draconian.
The white draconian is moderately wounded.
You hit the white draconian. You freeze the white draconian.
The white draconian is moderately wounded.
The white draconian breathes frost at you.
The blast of cold hits you! You resist.
You slice the white draconian!! You freeze the white draconian.
The white draconian is severely wounded.
The black draconian knight mumbles some strange words.
The black draconian knight seems to speed up.
The white draconian hits you with a +0 scimitar!
You completely miss the white draconian.
The white draconian is severely wounded.
You slash the white draconian! You freeze the white draconian.
The white draconian is severely wounded.
The white draconian completely misses you.
You chop the white draconian into pieces!!!
You freeze the white draconian.
You kill the white draconian!
The black draconian knight breathes lightning at you.
The bolt of lightning misses you.
The black draconian knight completely misses you.
The red draconian completely misses you.
You see here a +0 scimitar.
You completely miss the black draconian knight.
The black draconian knight completely misses you.
You hit the black draconian knight but do no damage.
You block the black draconian knight's attack.
The red draconian completely misses you.
You slash the black draconian knight! You freeze the black draconian knight.
The black draconian knight is lightly wounded.
You hear a roar!
The black draconian knight completely misses you.
The red draconian completely misses you.
You slash the black draconian knight!
The black draconian knight seems to slow down.
You freeze the black draconian knight.
The black draconian knight is moderately wounded.
The black draconian knight casts a spell at you.
The shard of ice misses you.
You closely miss the black draconian knight.
The black draconian knight is moderately wounded.
The red draconian completely misses you.
You cut the black draconian knight into ribbons!!!
The black draconian knight seems to slow down.
You freeze the black draconian knight!!
You kill the black draconian knight!
You block the red draconian's attack.
You slice the red draconian!! You freeze the red draconian!
The red draconian is moderately wounded.
You slash the red draconian! You freeze the red draconian.
The red draconian is heavily wounded.
The red draconian completely misses you.
You block the red draconian's attack.
You slice the red draconian!! You freeze the red draconian!
The red draconian is severely wounded.
You hit the red draconian but do no damage.
The red draconian is severely wounded.
The red draconian barely misses you. The red draconian breathes fire at you.
The searing blast misses you.
You slice the red draconian!! You freeze the red draconian!
You kill the red draconian!
The red draconian completely misses you.
A red draconian scorcher comes into view.
It is wielding a +0 whip.
You block the red draconian's attack.
Items here: )) [ ††.
You hit the red draconian but do no damage.
You barely miss the red draconian. The red draconian breathes fire at you.
The searing blast misses you.
You slash the red draconian! You freeze the red draconian.
The red draconian is lightly wounded.
You are engulfed in blazing flames.
You resist.
The red draconian scorcher breathes fire at you.
The searing blast misses you.
You slash the red draconian!
The red draconian seems to slow down.
You freeze the red draconian.
The red draconian is moderately wounded.
You are engulfed in blazing flames.
You resist.
You hit the red draconian but do no damage.
The red draconian is moderately wounded.
You are engulfed in blazing flames.
You resist.
You closely miss the red draconian.
The red draconian is moderately wounded.
You are engulfed in blazing flames.
You resist.
The red draconian completely misses you.
The red draconian scorcher completely misses you.
You hit the red draconian.
The red draconian seems to slow down.
You freeze the red draconian.
The red draconian is moderately wounded.
You are engulfed in blazing flames.
You resist.
You slice the red draconian like a ripe choko!!!
You freeze the red draconian!!
The red draconian is almost dead.
You are engulfed in blazing flames.
You resist.
The red draconian scorcher completely misses you.
The red draconian completely misses you.
You cut the red draconian into ribbons!!!
You freeze the red draconian.
You kill the red draconian!
You are engulfed in blazing flames.
You resist.
You slice the red draconian scorcher!! You freeze the red draconian scorcher!
The red draconian scorcher is heavily wounded.
You are engulfed in blazing flames.
You resist.
You block the red draconian scorcher's attack.
You slice the red draconian scorcher!!
The red draconian scorcher seems to slow down.
You freeze the red draconian scorcher.
The red draconian scorcher is almost dead.
You are engulfed in blazing flames.
You resist.
You hit the red draconian scorcher. You freeze the red draconian scorcher.
The red draconian scorcher is almost dead.
You are engulfed in blazing flames.
You resist.
The red draconian scorcher completely misses you.
You hit the red draconian scorcher.
The red draconian scorcher seems to slow down.
You freeze the red draconian scorcher.
The red draconian scorcher is almost dead.
You are engulfed in blazing flames.
You resist.
You slice the red draconian scorcher!! You freeze the red draconian scorcher.
You kill the red draconian scorcher!
You are engulfed in blazing flames.
You resist.
No target in view!
Things that are here:
a +0 glaive; a red draconian corpse
Items here: )) [ ††.
You see here a +0 scimitar.
There is an open door here.
You see here a potion of attraction.
There is an open door here.
There is an open door here.
You reach down and open the door.
There is an open door here.
g - 8 scrolls of poison (gained 1)
There is an open door here.
There is an open door here.
There is an open door here.
There is an open door here.
You see here a +0 robe.
There is an open door here.
There is an open door here.
There is an open door, spattered with blood here.
You see here +0 shadow dragon scales.
You see here a +2 chain mail of cold resistance.
There is an open door here.
You reach down and open the door.
There is an open door here.
You reach down and open the door.
There is an open door here.
There is an open door here.
There is an open door here.
There is an open door here.
There is an open door here.
There is an open door here.
You reach down and open the door.
Found a stone staircase leading down.
There is an open door here.
There is a stone staircase leading down here.
Found an escape hatch in the floor.
You reach down and open the door.
A moth of wrath comes into view.
Found a leather armour.
The moth of wrath's fur bristles in rage as it notices you.
There is an open door here.
You barely miss the moth of wrath. You slash the moth of wrath!
You freeze the moth of wrath.
The moth of wrath is moderately wounded.
You block the moth of wrath's attack.
You slash the moth of wrath! You freeze the moth of wrath.
The moth of wrath is severely wounded.
The moth of wrath completely misses you.
You slice the moth of wrath!! You freeze the moth of wrath.
You kill the moth of wrath!
No target in view!
A death cob comes into view.
The helpless death cob fails to defend itself.
You slice the death cob!! You freeze the death cob.
The death cob is moderately damaged.
The death cob completely misses you.
You slice the death cob!! You freeze the death cob.
The death cob is severely damaged.
The death cob completely misses you. x2
You slice the death cob!! You freeze the death cob.
You destroy the death cob!
No target in view!
No target in view!
No target in view!
You reach down and open the door.
Found an escape hatch in the ceiling.
A shadow dragon comes into view.
There is an open door here.
The shadow dragon breathes negative energy at you.
The bolt of negative energy misses you.
The shadow dragon completely misses you.
You block the shadow dragon's attack.
The shadow dragon completely misses you.
You hit the shadow dragon.
The shadow dragon is lightly wounded.
You slash the shadow dragon! You freeze the shadow dragon.
The shadow dragon is lightly wounded.
The shadow dragon completely misses you.
You block the shadow dragon's attack. x2
You hit the shadow dragon but do no damage.
The shadow dragon is lightly wounded.
You closely miss the shadow dragon.
The shadow dragon is lightly wounded.
The shadow dragon completely misses you.
You block the shadow dragon's attack.
The shadow dragon claws you but does no damage.
You slice the shadow dragon!! You freeze the shadow dragon.
The shadow dragon is heavily wounded.
The shadow dragon bites you!
The shadow dragon completely misses you.
You block the shadow dragon's attack.
You hit the shadow dragon but do no damage.
The shadow dragon is heavily wounded.
You slash the shadow dragon! You freeze the shadow dragon.
The shadow dragon is heavily wounded.
The shadow dragon completely misses you.
You block the shadow dragon's attack. x2
You slash the shadow dragon!
The shadow dragon is severely wounded.
The shadow dragon breathes negative energy at you.
The bolt of negative energy misses you.
You closely miss the shadow dragon.
The shadow dragon is severely wounded.
You slice the shadow dragon like a ripe choko!!!
You kill the shadow dragon!
The shadow dragon scales are intact enough to wear.
Your Transmutations skill increases to level 9!
No target in view!
You reach down and open the door.
There is an open door here.
There is an open door here.
Done exploring.
Done exploring.
Search for what [Enter for "misc", or ? for help]? zot
There is an open door here.
There is a stone staircase leading down here.
You fly downwards.
Found four items.
Found a stone staircase leading up.
There is a stone staircase leading up here.
You fly upwards.
There is a stone staircase leading down here.
There is an open door here.
There is a stone staircase leading down here.
You fly downwards.
The Killer Klown enters a dispersal trap!
The Killer Klown blinks! x3; The moth of wrath blinks!
The Killer Klown blinks!
The tentacled monstrosity blinks!
You blink.
A moth of wrath comes into view.
Found 27 gold pieces.
The Killer Klown blinks!
The helpless Killer Klown fails to defend itself.
You carve the Killer Klown like a ham!!!!
You freeze the Killer Klown!!
The Killer Klown is almost dead.
The Killer Klown blinks!
Found 37 gold pieces.
The Killer Klown blinks!
The Killer Klown shouts!
You hear a shout!
The moth of wrath's fur bristles in rage as it notices you.
The moth of wrath's fur bristles in rage as it notices you.
The dread lich shouts!
You open the Killer Klown like a pillowcase!!!
You freeze the Killer Klown.
You kill the Killer Klown!
The moth of wrath enters a dispersal trap!
The moth of wrath blinks!
The tentacled monstrosity blinks! x2
The moth of wrath blinks!
The Killer Klown blinks!
The tentacled monstrosity blinks!
The Killer Klown blinks!
You blink.
The moth of wrath blinks!
You have reached level 24!
Your experience leads to a dramatic increase in your attributes!
Your base attributes are Str 11, Int 23, Dex 34.
Increase (S)trength, (I)ntelligence, or (D)exterity?
You feel clever. x4
You closely miss the dread lich.
The yellow draconian annihilator roars!
The Killer Klown pies you viciously! The klown pie hits you!
Plum!
You feel light-headed.
You hit the dread lich but do no damage.
The moth of wrath completely misses you.
The dread lich gestures wildly while chanting.
The dread lich seems to speed up.
The Killer Klown blinks!
You slash the dread lich!
The dread lich is lightly damaged.
The moth of wrath barely misses you.
The dread lich touches you but does no damage.
You slice the dread lich!! You freeze the dread lich.
The dread lich is moderately damaged.
The Killer Klown does a flip.
The Killer Klown blinks!
The yellow draconian annihilator completely misses you.
The dread lich completely misses you.
The moth of wrath completely misses you.
You closely miss the dread lich.
The dread lich is moderately damaged.
The Killer Klown blinks! x2
The yellow draconian annihilator spits acid at you.
The glob of acid hits you! You resist. The acid corrodes you!
The dread lich completely misses you.
You completely miss the dread lich.
The dread lich is moderately damaged.
The moth of wrath completely misses you.
The moth of wrath angrily waves its antennae.
You block the moth of wrath's attack.
The Killer Klown blinks!
You slice the dread lich!! You freeze the dread lich.
The dread lich is heavily damaged.
You block the dread lich's attack. You block the moth of wrath's attack.
The moth of wrath goads the tentacled monstrosity on!
The tentacled monstrosity goes berserk!
The Killer Klown blinks!
You block the dread lich's attack.
You hit the dread lich.
The dread lich is heavily damaged.
You block the moth of wrath's attack.
The moth of wrath completely misses you.
You block the dread lich's attack.
You hit the dread lich but do no damage.
The dread lich is heavily damaged.
You block the tentacled monstrosity's attack.
The tentacled monstrosity misses you.
You block the tentacled monstrosity's attack.
The tentacled monstrosity completely misses you.
The moth of wrath completely misses you.
You slice the dread lich!! You freeze the dread lich.
The dread lich is almost destroyed.
The dread lich touches you but does no damage.
You block the moth of wrath's attack.
The Killer Klown blinks!
The yellow draconian annihilator casts a spell.
The yellow draconian annihilator blinks!
The tentacled monstrosity completely misses you. x2
The tentacled monstrosity barely misses you.
You block the tentacled monstrosity's attack.
You slice the dread lich!!
The dread lich is almost destroyed.
The dread lich casts a spell.
The moth of wrath completely misses you.
The moth of wrath closely misses you.
The Killer Klown blinks!
You block the tentacled monstrosity's attack.
The tentacled monstrosity completely misses you.
The tentacled monstrosity tentacle-slaps you.
The tentacled monstrosity completely misses you.
You hit the dread lich.
You destroy the dread lich!
The Ice Fiend disappears in a puff of smoke!
The moth of wrath completely misses you. x2
The Killer Klown blinks!
The tentacled monstrosity completely misses you.
You block the tentacled monstrosity's attack.
The tentacled monstrosity completely misses you. x2
The yellow draconian annihilator casts a spell.
The yellow draconian annihilator blinks!
You block the moth of wrath's attack.
The tentacled monstrosity attacks as you move away!
The tentacled monstrosity completely misses you. x4
The moth of wrath attacks as you move away!
You block the moth of wrath's attack. The Killer Klown completely misses you.
You block the tentacled monstrosity's attack.
The tentacled monstrosity completely misses you.
You block the tentacled monstrosity's attack.
The tentacled monstrosity completely misses you.
The Killer Klown attacks as you move away!
The Killer Klown completely misses you.
The tentacled monstrosity attacks as you move away!
You block the tentacled monstrosity's attack. x2
The tentacled monstrosity completely misses you. x2
The yellow draconian annihilator attacks as you move away!
The yellow draconian annihilator barely misses you.
The Killer Klown blinks!
The yellow draconian annihilator spits acid at you.
The glob of acid misses you. The Killer Klown completely misses you.
You block the Killer Klown's attack.
The Killer Klown blinks!
There is a stone staircase leading up here.
The Killer Klown blinks!
The Killer Klown pies you viciously! You block the klown pie.
The Killer Klown enters a dispersal trap!
The moth of wrath blinks!
The yellow draconian annihilator blinks!
The Killer Klown blinks!
The moth of wrath blinks!
The Killer Klown blinks!
The tentacled monstrosity blinks!
The Killer Klown blinks!
The yellow draconian annihilator blinks!
You fly upwards.
There is a stone staircase leading down here.
You start resting.
You are no longer corroded.
You start resting.
The world stops spinning.
You start resting.
HP restored.
You fly downwards.
The tentacled monstrosity completely misses you.
You block the tentacled monstrosity's attack. x2
The tentacled monstrosity completely misses you.
The Killer Klown beckons to you.
There is a stone staircase leading up here.
The Killer Klown pokes you with a +9 club of venom.
The tentacled monstrosity completely misses you.
You block the tentacled monstrosity's attack.
The tentacled monstrosity completely misses you. x2
You block the Killer Klown's attack.
The moth of wrath goads the tentacled monstrosity on!
The tentacled monstrosity goes berserk!
The yellow draconian annihilator casts a spell.
The yellow draconian annihilator blinks!
You fly upwards.
There is a stone staircase leading down here.
You slice the Killer Klown!! You freeze the Killer Klown!
The Killer Klown is moderately wounded.
The Killer Klown completely misses you.
The tentacled monstrosity tentacle-slaps you but does no damage.
The tentacled monstrosity completely misses you.
You block the tentacled monstrosity's attack.
The tentacled monstrosity completely misses you.
The Killer Klown completely misses you.
You carve the Killer Klown like a ham!!!
You freeze the Killer Klown!
The Killer Klown is severely wounded.
The Killer Klown completely misses you.
You block the tentacled monstrosity's attack.
The tentacled monstrosity completely misses you. x3
The Killer Klown misses you.
You miss the Killer Klown.
The Killer Klown is severely wounded.
The tentacled monstrosity completely misses you.
The tentacled monstrosity tentacle-slaps you.
You block the tentacled monstrosity's attack.
The tentacled monstrosity completely misses you.
The Killer Klown blinks!
You hit the Killer Klown but do no damage.
The Killer Klown completely misses you.
The tentacled monstrosity completely misses you. x2
The tentacled monstrosity barely misses you.
The tentacled monstrosity completely misses you.
You slash the Killer Klown! You freeze the Killer Klown.
The Killer Klown is lightly wounded.
You block the Killer Klown's attack.
The tentacled monstrosity completely misses you.
You block the tentacled monstrosity's attack.
The tentacled monstrosity completely misses you. x2
You slash the Killer Klown! You freeze the Killer Klown.
The Killer Klown is lightly wounded.
The Killer Klown completely misses you.
You block the tentacled monstrosity's attack. x2
The tentacled monstrosity completely misses you. x2
You slice the Killer Klown like a ripe choko!!!
You freeze the Killer Klown!
The Killer Klown is heavily wounded.
The Killer Klown skips for a moment.
The tentacled monstrosity completely misses you. x2
The tentacled monstrosity tentacle-slaps you but does no damage.
The tentacled monstrosity completely misses you.
You slice the Killer Klown!! You freeze the Killer Klown!
The Killer Klown is severely wounded.
The tentacled monstrosity completely misses you. x3
The tentacled monstrosity closely misses you.
You slice the Killer Klown!! You freeze the Killer Klown!
The Killer Klown is almost dead.
The Killer Klown completely misses you.
The tentacled monstrosity completely misses you.
The tentacled monstrosity misses you.
You block the tentacled monstrosity's attack.
The tentacled monstrosity completely misses you.
You slice the Killer Klown!! You freeze the Killer Klown.
You kill the Killer Klown!
You hear a splash.
The Killer Klown blinks!
The tentacled monstrosity completely misses you. x2
The tentacled monstrosity tentacle-slaps you!
The tentacled monstrosity completely misses you.
You barely miss the Killer Klown.
The Killer Klown is heavily wounded.
The Killer Klown completely misses you.
You slice the Killer Klown!! You freeze the Killer Klown!
The Killer Klown is almost dead.
You block the tentacled monstrosity's attack. x2
The tentacled monstrosity completely misses you.
You block the tentacled monstrosity's attack.
You miss the Killer Klown.
The Killer Klown is almost dead.
The tentacled monstrosity completely misses you.
You block the tentacled monstrosity's attack.
The tentacled monstrosity completely misses you. x2
The Killer Klown pies you viciously! The klown pie misses you.
You closely miss the Killer Klown.
The Killer Klown is almost dead.
The tentacled monstrosity completely misses you. x2
You block the tentacled monstrosity's attack.
The tentacled monstrosity completely misses you.
The Killer Klown blinks!
You slice the tentacled monstrosity!! You freeze the tentacled monstrosity.
The tentacled monstrosity is lightly wounded.
You block the tentacled monstrosity's attack.
The tentacled monstrosity completely misses you. x2
The tentacled monstrosity barely misses you.
The Killer Klown honks.
The Killer Klown pies you viciously! You block the klown pie.
You slice the tentacled monstrosity!! You freeze the tentacled monstrosity.
The tentacled monstrosity is moderately wounded.
You block the tentacled monstrosity's attack. x3
The tentacled monstrosity completely misses you.
The Killer Klown blinks!
You slice the tentacled monstrosity!! You freeze the tentacled monstrosity.
The tentacled monstrosity is moderately wounded.
The tentacled monstrosity completely misses you. x2
You block the tentacled monstrosity's attack.
The tentacled monstrosity completely misses you.
The Killer Klown blinks!
You hit the Killer Klown. You freeze the Killer Klown.
The Killer Klown is almost dead.
The tentacled monstrosity completely misses you.
You block the tentacled monstrosity's attack.
The tentacled monstrosity completely misses you.
You block the tentacled monstrosity's attack.
You slice the Killer Klown!! You freeze the Killer Klown!
You kill the Killer Klown!
You hear a splash.
The tentacled monstrosity completely misses you.
The tentacled monstrosity closely misses you. x2
The tentacled monstrosity completely misses you.
You chop the tentacled monstrosity into pieces!!!
You freeze the tentacled monstrosity.
The tentacled monstrosity is heavily wounded.
The tentacled monstrosity misses you.
The tentacled monstrosity tentacle-slaps you.
The tentacled monstrosity completely misses you. x2
You slash the tentacled monstrosity! You freeze the tentacled monstrosity.
The tentacled monstrosity is severely wounded.
You block the tentacled monstrosity's attack.
The tentacled monstrosity completely misses you. x2
You block the tentacled monstrosity's attack.
You carve the tentacled monstrosity like a ham!!!
You freeze the tentacled monstrosity.
The tentacled monstrosity is almost dead.
You block the tentacled monstrosity's attack. x3
The tentacled monstrosity closely misses you.
You slice the tentacled monstrosity!!
You kill the tentacled monstrosity!
No target in view!
No target in view!
You start resting.
HP restored.
You see here a +10 club of freezing.
You see here a +9 club of venom.
There is a stone staircase leading down, spattered with blood here.
You fly downwards.
You block the moth of wrath's attack.
The moth of wrath completely misses you. x2
There is a stone staircase leading up here.
You block the moth of wrath's attack. x2
The yellow draconian annihilator spits acid at you.
The glob of acid misses you.
The moth of wrath completely misses you.
You fly upwards.
There is a stone staircase leading down, spattered with blood here.
You barely miss the moth of wrath. The moth of wrath misses you.
You slice the moth of wrath!! You freeze the moth of wrath!
The moth of wrath is almost dead.
The moth of wrath completely misses you. x2
You slice the moth of wrath!! You freeze the moth of wrath.
You kill the moth of wrath!
The moth of wrath completely misses you.
You slice the moth of wrath!! You freeze the moth of wrath.
The moth of wrath is severely wounded.
You block the moth of wrath's attack.
You slash the moth of wrath! You freeze the moth of wrath.
The moth of wrath is almost dead.
You slash the moth of wrath! You freeze the moth of wrath.
You kill the moth of wrath!
You fly downwards.
The yellow draconian annihilator mumbles some strange words.
The yellow draconian annihilator blinks!
The Killer Klown blinks!
The Killer Klown enters a dispersal trap!
The yellow draconian annihilator blinks! x3
You blink.
The Killer Klown blinks!
The yellow draconian annihilator spits acid at you.
The glob of acid hits you. You resist.
The Killer Klown says, "Trust me, I'm a doctor."
The Killer Klown blinks!
The yellow draconian annihilator gestures wildly while chanting.
The yellow draconian annihilator blinks!
You see here a +8 heavy club.
The Killer Klown blinks!
You block the Killer Klown's attack.
The yellow draconian annihilator casts a spell.
The yellow draconian annihilator blinks!
You slice the Killer Klown!! You freeze the Killer Klown.
The Killer Klown is lightly wounded.
The Killer Klown completely misses you.
You miss the Killer Klown.
The Killer Klown is lightly wounded.
The Killer Klown completely misses you.
You hit the Killer Klown. You freeze the Killer Klown.
The Killer Klown is lightly wounded.
The Killer Klown elbows you with a +9 club of freezing!
The Killer Klown freezes you.
You slice the Killer Klown!! You freeze the Killer Klown!
The Killer Klown is heavily wounded.
You block the Killer Klown's attack.
You hit the Killer Klown but do no damage.
The Killer Klown is heavily wounded.
You slice the Killer Klown!! You freeze the Killer Klown!
The Killer Klown is severely wounded.
The Killer Klown kneecaps you with a +9 club of freezing!
You slice the Killer Klown!! You freeze the Killer Klown.
The Killer Klown is almost dead.
The yellow draconian annihilator mumbles some strange words.
The yellow draconian annihilator blinks!
You block the Killer Klown's attack.
You slice the Killer Klown!! You freeze the Killer Klown!
You kill the Killer Klown!
Things that are here:
a +9 club of freezing; a Killer Klown corpse The yellow draconian annihilator mumbles some strange words.
The yellow draconian annihilator blinks!
The yellow draconian annihilator points at you and mumbles some strange words.
The poison arrow misses you.
The yellow draconian annihilator completely misses you.
You slice the yellow draconian annihilator like a ripe choko!!!
The yellow draconian annihilator seems to slow down.
You freeze the yellow draconian annihilator!
The yellow draconian annihilator is almost dead.
You slice the yellow draconian annihilator!!
The yellow draconian annihilator seems to slow down.
You freeze the yellow draconian annihilator.
You kill the yellow draconian annihilator!
Things that are here:
a +2 dagger of venom; a +0 cloak; a yellow draconian corpse HP restored.
q - 28 potions of curing (gained 1)
You now have 2406 gold pieces (gained 27).
You see here a potion of attraction.
There is a dry fountain here.
S - a wand of digging (13) (gained 6 charges)
A moth of wrath comes into view.
A green draconian comes into view. It is wielding a +0 war axe.
A purple draconian, a green draconian and a yellow draconian come into view.
A curse toe, a red draconian scorcher, a white draconian stormcaller and a white draconian come into view.
The red draconian scorcher is wielding a +2 whip of electrocution.
Found 6 poisoned darts.
A purple draconian shifter, a white draconian and 2 yellow draconians come into view.
The white draconian is wielding a +2 antimagic hand axe.
A yellow draconian comes into view. It is wielding a +0 long sword.
The red draconian scorcher roars!
You hear a roar!
The purple draconian shifter roars!
You hear a roar!
The yellow draconian roars!
The purple draconian roars!
You slice the yellow draconian!! You freeze the yellow draconian!
The yellow draconian is moderately wounded.
You hear a roar! x7
The purple draconian breathes dispelling energy at you.
The bolt of dispelling energy misses you.
A purple draconian comes into view. It is wielding a +0 battleaxe.
The purple draconian shifter gestures at you while chanting.
The moth of wrath blinks into view!
The white draconian blinks into view!
The white draconian stormcaller blinks into view!
A red draconian comes into view. It is wielding a +0 scimitar.
The yellow draconian completely misses you.
You slice the white draconian!! You freeze the white draconian.
The white draconian is moderately wounded.
You block the moth of wrath's attack.
You slice the white draconian!! You freeze the white draconian!
The white draconian is severely wounded.
You block the yellow draconian's attack.
The white draconian misses you.
A purple draconian comes into view. It is wielding a +2 mace of protection.
The white draconian stormcaller completely misses you.
You block the moth of wrath's attack.
You hit the white draconian. You freeze the white draconian.
The white draconian is severely wounded.
You slice the white draconian!! You freeze the white draconian.
You kill the white draconian!
The moth of wrath completely misses you.
A yellow draconian comes into view. It is wielding a +0 glaive.
You block the yellow draconian's attack.
You block the white draconian stormcaller's attack.
The purple draconian shifter casts a spell.
The purple draconian shifter blinks!
A black draconian comes into view. It is wielding a +0 short sword.
You block the moth of wrath's attack.
A purple draconian shifter comes into view.
It is wielding a +0 rapier.
Things that are here:
a +2 antimagic hand axe; a white draconian corpse The moth of wrath goads the yellow draconian on!
The yellow draconian goes berserk!
The purple draconian shifter gestures wildly while chanting.
The purple draconian shifter blinks!
You hear a roar! x2
You slice the yellow draconian!! You freeze the yellow draconian.
The yellow draconian is moderately wounded.
The yellow draconian completely misses you.
A purple draconian comes into view. It is wielding a +0 scimitar.
You slice the yellow draconian!! You freeze the yellow draconian!
The yellow draconian is severely wounded.
You hear a roar!
You block the yellow draconian's attack.
You slash the yellow draconian!
The yellow draconian seems to slow down.
You freeze the yellow draconian.
The yellow draconian is almost dead.
The purple draconian shifter casts a spell at you.
The purple draconian blinks!
The purple draconian shifter blinks into view!
You hit the yellow draconian. You freeze the yellow draconian.
The yellow draconian is almost dead.
The yellow draconian completely misses you.
The purple draconian shifter points at you and mumbles some strange words.
You resist with almost no effort.
You slice the yellow draconian!! You freeze the yellow draconian.
You kill the yellow draconian!
The purple draconian breathes dispelling energy at you.
The bolt of dispelling energy misses you.
You slash the purple draconian! You freeze the purple draconian.
The purple draconian is moderately wounded.
You block the purple draconian shifter's attack.
The white draconian stormcaller completely misses you.
The purple draconian completely misses you.
The purple draconian shifter points at you and mumbles some strange words.
You barely miss the purple draconian.
The purple draconian is moderately wounded.
The purple draconian shifter casts a spell.
The purple draconian shifter blinks!
You slash the purple draconian!
The purple draconian seems to slow down.
You freeze the purple draconian.
The purple draconian is heavily wounded.
The purple draconian shifter casts a spell.
The purple draconian shifter blinks!
The white draconian stormcaller completely misses you.
You block the purple draconian's attack.
You hit the purple draconian. You freeze the purple draconian.
The purple draconian is heavily wounded.
You block the white draconian stormcaller's attack.
You closely miss the purple draconian.
The purple draconian is heavily wounded.
The moth of wrath goads something on!
The purple draconian completely misses you.
You slice the purple draconian!!
The purple draconian seems to slow down.
You freeze the purple draconian.
The purple draconian is severely wounded.
The purple draconian shifter casts a spell.
The purple draconian shifter blinks!
The white draconian stormcaller breathes frost at you.
The blast of cold misses you.
You hear a roar! x2; You hear a chilling moan.
You hear a roar!
You slash the purple draconian! You freeze the purple draconian.
The purple draconian is almost dead.
The purple draconian breathes dispelling energy at you.
The bolt of dispelling energy misses you.
You hear a roar! x2
You closely miss the purple draconian.
The purple draconian is almost dead.
A yellow draconian annihilator comes into view.
It is wielding a +0 short sword.
You block the white draconian stormcaller's attack.
You slice the purple draconian!!
The purple draconian seems to slow down.
You freeze the purple draconian.
You kill the purple draconian!
The purple draconian rages.
The white draconian stormcaller hits you but does no damage.
The yellow draconian annihilator casts a spell.
The yellow draconian annihilator blinks!
The purple draconian shifter breathes dispelling energy at you.
The bolt of dispelling energy misses you.
The white draconian stormcaller breathes frost at you.
The blast of cold misses you.
You hear a roar!
Things that are here:
a +0 battleaxe; a purple draconian corpse The white draconian stormcaller utters an invocation to Qazlal.
You hear a roar!
You slice the purple draconian shifter!!
You freeze the purple draconian shifter!
The purple draconian shifter is heavily wounded.
The purple draconian shifter breathes dispelling energy at you.
The bolt of dispelling energy misses you.
You slash the purple draconian shifter!
You freeze the purple draconian shifter.
The purple draconian shifter is severely wounded.
The wind drake flaps its wings at you. The air twists around and strikes you.
You hit the purple draconian shifter but do no damage.
The purple draconian shifter is severely wounded.
The wind drake flaps its wings at you. The air twists around and strikes you.
The purple draconian shifter breathes dispelling energy at you.
The bolt of dispelling energy misses you.
The white draconian stormcaller invokes the aid of Qazlal against you.
Qazlal smites you!
You hear a chilling moan.
You slash the purple draconian shifter!
The purple draconian shifter seems to slow down.
You freeze the purple draconian shifter.
The purple draconian shifter is severely wounded.
The wind drake exhales a fierce blast of wind!
The purple draconian shifter is knocked back by the gust of wind.
You are knocked back by the gust of wind.
The wind drake exhales a fierce blast of wind!
You hear a chilling moan.
You hear a roar!
You cut the purple draconian shifter into ribbons!!!
The purple draconian shifter seems to slow down.
You freeze the purple draconian shifter!
You kill the purple draconian shifter!
The death drake breathes miasma at you. The foul vapour misses you.
You hear a chilling moan.
You are engulfed in dark miasma.
You are poisoned.
You feel extremely sick.
The white draconian stormcaller mumbles some strange prayers to Qazlal against you.
Qazlal smites you!
You hear a roar!
You feel very sick. The wind drake flaps its wings at you.
The air twists around and strikes you.
You feel very sick.
You feel very sick. The death drake breathes miasma at you.
The foul vapour misses you.
There is a dry fountain here.
You are engulfed in dark miasma.
You are more poisoned.
You feel extremely sick.
Really fly into that dispersal trap?
Okay, then.
You feel very sick.
You feel very sick. The death drake breathes miasma at you.
The foul vapour misses you.
You are engulfed in dark miasma.
You are more poisoned.
You feel yourself slow down.
You feel extremely sick. The death drake breathes miasma at you.
The foul vapour misses you.
You are engulfed in dark miasma.
You feel extremely sick.
The death drake enters a dispersal trap!
The wind drake blinks!
You blink.
The death drake blinks!
You feel extremely sick.
You hear a roar!
The death drake enters a dispersal trap!
The wind drake blinks!
You blink.
The death drake blinks!
You hear an angry hiss.
You hear a roar! x2
You feel very sick. The death drake breathes miasma at you.
The foul vapour misses you.
You are engulfed in dark miasma.
You are more poisoned.
You feel as though you will be slow longer.
You feel extremely sick.
The wind drake disappears in a puff of smoke!
You slash the death drake!
The death drake seems to slow down.
You freeze the death drake.
The death drake is moderately wounded.
You feel very sick.
The purple draconian is no longer berserk.
The death drake breathes miasma at you. The foul vapour misses you.
You slice the death drake!! You freeze the death drake!
The death drake is severely wounded.
You are engulfed in dark miasma.
You are more poisoned.
* * * LOW HITPOINT WARNING * * *
x2 You feel extremely sick.
The death drake is no longer moving slowly.
You closely miss the death drake.
The death drake is severely wounded.
You are engulfed in dark miasma.
You are lethally poisoned!
* * * LOW HITPOINT WARNING * * *
x2 You feel extremely sick.
The death drake completely misses you.
The white draconian stormcaller enters a dispersal trap!
The death drake blinks!
The yellow draconian annihilator blinks!
The wind drake blinks!
You blink.
The white draconian stormcaller blinks!
Blink to where?
Press: ? - help, Dir - move target
As you read the scroll of blinking, it crumbles to dust.
* * * LOW HITPOINT WARNING * * *
You feel extremely sick.
The death drake breathes miasma at something.
You die...

Skill      XL: |  1  2  3  4  5  6  7  8  9 10 11 12 13 14 15 16 17 18 19 20 21 22 23 |
---------------+----------------------------------------------------------------------+-----
Fighting       | 1 2 3 4 5 9 11 12 13 14 15 | 15.4
Dodging        | 2 3 4 5 6 8 10 11 13 14 15 16 17 19 20 21 22 23 | 23.3
Stealth        | 1 2 3 4 5 7 9 12 | 12.0
Long Blades    | 1 2 3 4 6 7 9 11 12 14 | 14.0
Evocations     | 2 4 6 12 14 15 | 15.0
Shields        | 3 5 7 8 10 12 | 12.0
Throwing       | 2 4 6 8 10 11 12 13 14 15 | 15.4
Translocations | 1 9 10 12 | 12.5
Armour         | 3 |  3.0
Spellcasting   | 4 6 7 |  7.8
Transmutations | 3 6 9 |  9.4
Air Magic      | 4 |  4.0
Necromancy     | 6 10 12 13 | 13.9
Ranged Weapons | |  1.7
Hexes          | |  2.6

Action                     |  1- 3 |  4- 6 |  7- 9 | 10-12 | 13-15 | 16-18 | 19-21 | 22-24 || total
---------------------------+-------+-------+-------+-------+-------+-------+-------+-------++-------
  Melee: Short sword       |    35 |    41 |   374 |    18 |       |       |       |       ||   468
         Unarmed           |       |     5 |       |       |       |       |       |       ||     5
         Punch             |       |       |     9 |     1 |       |       |       |       ||    10
         Demon blade       |       |       |       |   459 |  1220 |  1665 |  2461 |  1910 ||  7715
   Fire: Sling             |   107 |       |       |       |       |       |       |       ||   107
         Arbalest          |     4 |    27 |   105 |     2 |       |       |       |       ||   138
  Throw: Dart              |       |     5 |    11 |    26 |    79 |    47 |    12 |    13 ||   193
         Boomerang         |       |       |       |       |     5 |       |       |       ||     5
         Throwing net      |       |       |       |       |     4 |       |       |       ||     4
         Javelin           |       |       |       |       |       |       |       |    15 ||    15
   Cast: Manifold Assault  |       |       |       |       |     6 |       |    12 |   133 ||   151
         Blink             |       |       |       |       |     1 |       |     3 |     1 ||     5
         Apportation       |       |       |       |       |       |     4 |       |     6 ||    10
  Evoke: Condenser vane    |       |       |       |     2 |     3 |     4 |     1 |       ||    10
         Wand              |       |       |       |     1 |    14 |       |       |       ||    15
         Box of beasts     |       |       |       |       |     3 |       |       |       ||     3
         Lightning rod     |       |       |       |       |       |       |     2 |       ||     2
    Use: Potion            |       |       |     2 |       |    10 |     3 |     2 |     4 ||    21
         Scroll            |       |       |    12 |     7 |    10 |     4 |    13 |     5 ||    51
   Stab: Sleeping          |       |       |     4 |    26 |    24 |    31 |    44 |    20 ||   149
         Distracted        |       |       |       |     2 |    15 |    15 |     7 |    18 ||    57
         Invisible         |       |       |       |     1 |       |       |    11 |       ||    12
         Paralysed         |       |       |       |     1 |       |       |       |       ||     1
         Petrified         |       |       |       |     2 |       |       |       |       ||     2
         Petrifying        |       |       |       |     1 |       |       |       |       ||     1
         Held in net/web   |       |       |       |       |     3 |       |       |       ||     3
 Armour: Robe              |    16 |     1 |       |       |     7 |    41 |    73 |    89 ||   227
         Ring mail         |       |     6 |    82 |    36 |    56 |       |       |       ||   180
         Skin              |       |     1 |       |       |       |       |       |     1 ||     2
  Dodge: Dodged            |    38 |    37 |   423 |   311 |   942 |  1161 |  1657 |  1637 ||  6206
  Block: Kite shield       |       |       |       |   186 |   933 |  1103 |  1556 |       ||  3778
         Buckler           |       |       |       |       |       |   130 |    89 |   804 ||  1023
         Reflection        |       |       |       |       |       |    58 |       |       ||    58

Levels and vault maps discovered:
D:1:      dpeg_chamrin_arrival_tetris, layout_basic, serial_forest,
          infiniplex_forest_lined_corner, infiniplex_forest_clump_small,
          infiniplex_forest_clump_diagonal, infiniplex_forest_corner_2,
          infiniplex_forest_clump_long, infiniplex_forest_clump_small,
          infiniplex_forest_clump_small, infiniplex_forest_clump_tiny
D:2:      layout_basic
D:3:      layout_loops_cross, kennysheep_generic_room_15
D:4:      layout_basic, guppyfry_early_orc_mine, uniq_ijyb, uniq_blork_the_orc,
          uniq_sigmund
D:5:      layout_cave_pools, serial_shops, shop
D:6:      layout_basic, serial_shops, nicolae_shop_statue_plus
D:7:      layout_rooms, nicolae_hepliaklqana_monster_ancestors,
          nzn_wu_jian_council_hall, minmay_temple_entry_statues_pillars
D:8:      layout_rooms, lemuel_crystal_altar, nicolae_sif_muna_little_library,
          xom_redecorated, enter_ossuary_3, serial_shops, shop_fountains,
          uniq_maurice
D:9:      layout_loops_cross, gammafunk_temple_overflow_wave,
          due_lair_maze_entry_diamond, hiddenorc1_lemuel
D:10:     layout_roguey, nicolae_ru_great_annihilating_truth, serial_shops,
          nicolae_inconvenience_store
D:11:     layout_cave_pools, serial_column_ruins, column_ruins_grid_3,
          column_ruins_grid_1, column_ruins_grid_1, column_ruins_open_tiny,
          minmay_between, uniq_snorg
D:12:     layout_cave_pools
D:13:     layout_loops_ring, grunt_vaults_entry_fortified,
          hangedman_abyss_or_decor_clamps, cheibriados_altar_1
D:14:     layout_loops_ring, kennysheep_cluttered_room, dk_noncrumbling_4
D:15:     hangedman_depths_entry_civil_slaughter, layout_loops_ring,
          gammafunk_ghost_split, uniq_jorgrun
Lair:1:   layout_roguey [special_room_bee], gammafunk_ghost_hive,
          grunt_megastairs_2
Lair:2:   layout_cave_pods, nicolae_spider_entry_tight_spaces,
          beast_lair_carwin_8
Lair:3:   layout_misc_corridors, swamp_mist, serial_bayou,
          serial_bayou_crossing, serial_bayou_pond_c, serial_bayou_pond_e,
          serial_bayou_pond_c, serial_bayou_ford_a, minivault_26, uniq_amaemon
Lair:4:   layout_gridlike, slime_entry_1, st_stairs_9, roderic_batcave,
          beast_lair_carwin_6, uniq_kirke
Lair:5:   hangedman_lair_in_review, layout_loops_ring, enter_volcano_3,
          chequers_serial_rivers_large_a
Swamp:1:  layout_falls_marsh, nicolae_swamp_rocky_clearing,
          infiniplex_staircase_pool_2
Swamp:2:  layout_falls_marsh, nicolae_swamp_fairy_circle, swamp_pool1,
          infiniplex_staircase_pool
Swamp:3:  layout_falls_marsh, nicolae_swamp_triple_paths
Swamp:4:  swamp_icy, layout_basic_swamp, portal_ice_cave_entry_pillars_2
Spider:1: layout_spider_delve, drop_trap, uniq_rupert, uniq_aizul
Spider:2: layout_spider_delve
Spider:3: layout_spider_delve, hellmonk_deceptive_appearances, uniq_arachne,
          uniq_mara
Spider:4: spider_rune_water
Slime:1:  layout_caves, cheibrodos_slime_lost_civilization_4
Slime:2:  layout_caves
Slime:3:  layout_caves
Slime:4:  layout_caves, nicolae_slime_welcoming_committee
Slime:5
Orc:1:    layout_diamond_mine
Orc:2:    st_orc_rangers, layout_caves, serial_shops, nicolae_shop_statue_plus
Elf:1:    eino_elf_arrival_customs, layout_loops_corners,
          gammafunk_ghost_fury_of_okawaru, minmay_elf_annihilation, uniq_agnes
Elf:2:    nicolae_elf_blades_crystal_corner, layout_geoelf_octagon,
          minmay_checkered_concentric_circles
Elf:3:    elf_hall_gauntlet_wide, layout_geoelf_grid, serial_shops,
          bzr_entry_islet, serial_co_window_serial, co_window_paths_a,
          co_window_paths_a, co_window_paths_a, co_window_corner_a,
          co_window_corner_a, co_window_cross_2, co_window_2corner,
          co_window_corner_cb, co_window_corner_ca, co_window_paths_c,
          co_window_4corner_a, glass_columns_b
Vaults:1: hangedman_vaults_corner_blocks, vaults_room_semicircle,
          vaults_mumra_hex, vaults_room_semicircle, ontoclasm_vaults_shuriken,
          layout_vaults_omnigrid, serial_shops, bzr_entry_gold
Vaults:2: infiniplex_enter_wizlab_glasses, nicolae_vaults_back_hallway,
          nicolae_vaults_asterisk, vaults_standard_mumra_enter_the_diamond,
          nicolae_vaults_windows_and_doors_thing, hangedman_vaults_hat,
          grunt_vaults_diagonal, hangedman_vaults_restitches, st_hourglassy,
          ontoclasm_vaults_chip, layout_vaults_chaotic_city, serial_shops,
          nicolae_diamond_shop, nicolae_shop_statue_plus, shop, shop, shop
Vaults:3: vaults_dpeg_ring, hangedman_vaults_slice,
          minmay_crypt_entry_simple_plaza, v_misc_30,
          hangedman_vaults_variations, nicolae_vaults_circle_grid_b,
          ontoclasm_vaults_idyll, nicolae_vaults_puzzle_piece,
          vaults_dpeg_spiral, nicolae_vaults_border_crossing,
          hangedman_vaults_stretched_pinwheel, serial_ice_m,
          vaults_mumra_hexcomb, special_room_vaults [special_room_orc],
          v_alt_pattern_1, grunt_vaults_hallway_short,
          vaults_dpeg_emergency_exit, layout_vaults_omnibox
Vaults:4: vaults_room_grunt_arrival_ludios, nicolae_vaults_network_square,
          v_rooms_3, nicolae_vaults_inception_scallops, nicolae_vaults_arrows,
          v_misc_9, ontoclasm_vaults_misaligned, grunt_vaults_funnel,
          nicolae_vaults_ring_of_whatevers, v_misc_25, nicolae_vaults_asterisk,
          ontoclasm_vaults_gateway, layout_vaults_omnicross
Crypt:1:  layout_chaotic_city, grunt_megastairs_1
Crypt:2:  layout_rooms, ebering_ghost_inner_flame, uniq_xtahua
Crypt:3:  church_of_pain_bobbens, layout_chaotic_city
Depths:1: layout_big_octagon, moated_statue, abyss_entry, hell_entry,
          kennysheep_cross_landing, uniq_sojobo
Depths:2: minmay_inside_and_out, layout_gridlike, hellmonk_bongcloud_opening,
          hell_entry, rand_demon_pan_entry_1
Depths:3: wad_courtyard, layout_basic, serial_shops, bzr_firewalk, abyss_entry,
          infiniplex_staircase_zigzag_4, pf_coc_iceberg
Depths:4: grunt_zot_entry_tricorne, layout_honeycomb, enter_ziggurat_c,
          pf_vacation_house_of_asmodeus, nicolae_elyvilon_peaceful_grove,
          abyss_entry_flame_altar, hangedman_decor_opposing, hex_medium,
          hex_large
Zot:1:    layout_gridlike, nzn_ghost_randoct, st_stairs_12, nrook_zot_tub
Zot:2:    hellmonk_paralyzer, layout_gridlike, uniq_josephina, uniq_grunn
Zot:3:    ebering_klown_carousel, layout_basic, st_stairs_9

Notes
Turn   | Place    | Note
-------+----------+-------------------------------------------
     0 | D:1      | scionoferis the Demigod Hexslinger began the quest for the
                  | Orb.
     0 | D:1      | Reached XP level 1. HP: 15/15 MP: 4/4
    56 | D:1      | Reached skill level 1 in Fighting
    58 | D:1      | Reached skill level 2 in Dodging
   205 | D:1      | Reached XP level 2. HP: 23/23 MP: 5/5
   971 | D:2      | Reached skill level 1 in Stealth
  1037 | D:2      | Reached XP level 3. HP: 18/28 MP: 6/6
  1673 | D:3      | Reached skill level 3 in Dodging
  1959 | D:3      | Reached skill level 1 in Long Blades
  1978 | D:3      | Reached XP level 4. HP: 36/36 MP: 8/8
  2185 | D:4      | Reached skill level 2 in Fighting
  2213 | D:4      | Reached skill level 2 in Stealth
  2296 | D:4      | Noticed Sigmund
  2357 | D:4      | Noticed an orc warrior
  2448 | D:4      | Reached XP level 5. HP: 39/41 MP: 9/9
  2518 | D:4      | Reached skill level 2 in Long Blades
  2617 | D:4      | Noticed Ijyb
  2633 | D:4      | Killed Ijyb
  2882 | D:5      | Entered Level 5 of the Dungeon
  2882 | D:5      | Noticed an ogre
  2926 | D:5      | Noticed an ice beast
  2945 | D:5      | Killed an ice beast
  2946 | D:5      | Reached skill level 4 in Dodging
  2946 | D:5      | Reached XP level 6. HP: 50/50 MP: 10/10
  2975 | D:5      | Reached skill level 3 in Long Blades
  3137 | D:5      | Found Guept's Assorted Antiques.
  3228 | D:4      | Reached skill level 3 in Fighting
  3228 | D:4      | Reached skill level 3 in Stealth
  3228 | D:4      | Reached XP level 7. HP: 57/57 MP: 11/11
  3451 | D:5      | Reached skill level 4 in Long Blades
  3451 | D:5      | Reached skill level 5 in Dodging
  3477 | D:5      | Bought a scroll labelled KAURIUG SEYFRE for 29 gold pieces
  3477 | D:5      | Bought a scroll labelled OSCHAV NAZEATZ for 29 gold pieces
  3477 | D:5      | Bought 2 scrolls labelled SAERI SOCKU for 58 gold pieces
  3955 | D:5      | Bought a blackened bone wand for 116 gold pieces
  4092 | D:4      | Killed Sigmund
  4093 | D:4      | Reached XP level 8. HP: 66/66 MP: 12/12
  4094 | D:4      | Noticed Blork the orc
  4098 | D:4      | Killed Blork the orc
  4099 | D:4      | Reached skill level 4 in Stealth
  4158 | D:6      | Found Wuvuilem's Distillery.
  4178 | D:5      | Reached skill level 5 in Long Blades
  4332 | D:6      | Reached skill level 6 in Dodging
  4401 | D:6      | Reached skill level 4 in Fighting
  5097 | D:7      | Found a staircase to the Ecumenical Temple.
  5190 | D:7      | Reached skill level 6 in Long Blades
  5335 | D:7      | Identified the +0 robe of the Mind {rF+ rC+ Int+2}
  5425 | D:7      | Reached XP level 9. HP: 72/72 MP: 13/13
  5630 | D:7      | Reached skill level 7 in Dodging
  5653 | D:8      | Noticed Maurice
  5656 | D:7      | Reached skill level 5 in Stealth
  5750 | D:8      | HP: 6/72 [something/bolt of acid (12)]
  5753 | D:8      | Killed Maurice
  5834 | D:8      | Found Vecaujowi's Book Shoppe.
  5852 | D:8      | Found a sand-covered staircase.
  5886 | Ossuary  | Entered an ossuary
  5981 | Ossuary  | Reached skill level 5 in Fighting
  6221 | D:8      | Reached skill level 7 in Long Blades
  6284 | D:8      | Reached skill level 1 in Evocations
  6664 | D:8      | Reached skill level 8 in Dodging
  6741 | D:9      | Reached skill level 2 in Evocations
  7030 | D:9      | Found a staircase to the Lair.
  7485 | D:9      | Reached XP level 10. HP: 81/81 MP: 14/14
  7492 | D:9      | Found a staircase to the Orcish Mines.
  7614 | D:8      | Reached skill level 8 in Long Blades
  7919 | D:6      | Bought a potion of resistance for 110 gold pieces
  7919 | D:6      | Bought 2 potions of degeneration for 22 gold pieces
  7919 | D:6      | Bought a potion of cancellation for 88 gold pieces
  7989 | D:9      | Acquired the +7 demon blade of Amup {freeze, Fragile rPois
                  | Dex+6 Stlth+}
  8010 | D:10     | Entered Level 10 of the Dungeon
  8078 | D:10     | Reached skill level 3 in Evocations
  8107 | D:10     | Reached skill level 9 in Dodging
  8171 | D:10     | Found Qurack's Antique Armour Shoppe.
  8382 | D:10     | Noticed a two-headed ogre
  8392 | D:10     | Killed a two-headed ogre
  8393 | D:10     | Reached skill level 9 in Long Blades
  8548 | D:10     | Reached skill level 4 in Evocations
  8688 | D:10     | Bought a runed cloak for 225 gold pieces
  8751 | D:11     | Noticed a cyclops
  8755 | D:11     | Killed a cyclops
  8758 | D:11     | Reached skill level 10 in Dodging
  8961 | D:11     | Reached XP level 11. HP: 75/86 MP: 15/15
  9188 | D:11     | Noticed Snorg
  9205 | D:11     | Killed Snorg
  9394 | D:11     | Reached skill level 10 in Long Blades
  9767 | Lair:1   | Entered Level 1 of the Lair of Beasts
  9767 | Lair:1   | Noticed Sotat's ghost (journeyman KoEn)
  9767 | Lair:1   | Found a transporter.
  9767 | Lair:1   | Found a transporter.
  9874 | Lair:1   | Reached skill level 5 in Evocations
  9973 | Lair:1   | Reached skill level 1 in Shields
 10139 | Lair:1   | Reached skill level 11 in Dodging
 10579 | Lair:2   | Reached skill level 2 in Shields
 10701 | Lair:2   | Identified the +1 ring mail of Uryod {Harm Slay+6}
 11189 | Lair:2   | Reached skill level 11 in Long Blades
 11197 | Lair:2   | Found a hole to the Spider Nest.
 11296 | Lair:2   | Noticed a catoblepas
 11336 | Lair:2   | Killed a catoblepas
 11337 | Lair:2   | Reached skill level 6 in Evocations
 11341 | Lair:2   | Reached skill level 3 in Shields
 11341 | Lair:2   | Reached XP level 12. HP: 93/94 MP: 16/16
 11833 | Lair:3   | Found a staircase to the Swamp.
 11902 | Lair:3   | Noticed a seven-headed hydra
 12000 | Lair:3   | Noticed Amaemon
 12030 | Lair:3   | Killed Amaemon
 12293 | Lair:3   | Reached skill level 12 in Dodging
 12609 | Lair:4   | Found a staircase to the Slime Pits.
 12683 | Lair:4   | Reached skill level 4 in Shields
 12694 | Lair:4   | Reached skill level 12 in Long Blades
 12696 | Lair:4   | Noticed a seven-headed hydra
 12708 | Lair:4   | Killed an eight-headed hydra
 12825 | Lair:4   | Noticed Kirke
 12895 | Lair:4   | Killed Kirke
 13093 | Lair:4   | Reached skill level 5 in Shields
 13303 | Lair:4   | Reached skill level 13 in Dodging
 13589 | Lair:4   | Reached XP level 13. HP: 86/100 MP: 17/17
 13919 | Lair:5   | Entered Level 5 of the Lair of Beasts
 14006 | Lair:5   | Found a dark tunnel.
 14029 | Volcano  | Entered a volcano
 14080 | Volcano  | Reached skill level 13 in Long Blades
 14802 | Lair:3   | Reached skill level 6 in Shields
 15437 | Lair:5   | Reached skill level 14 in Dodging
 15596 | Lair:5   | Noticed a dire elephant
 15726 | Lair:5   | Killed a dire elephant
 16120 | Lair:1   | Killed Sotat's ghost
 16301 | Orc:1    | Entered Level 1 of the Orcish Mines
 16345 | Orc:2    | Entered Level 2 of the Orcish Mines
 16363 | Orc:2    | Found a staircase to the Elven Halls.
 16463 | Orc:1    | Reached skill level 14 in Long Blades
 16759 | Orc:2    | Reached skill level 1 in Throwing
 16774 | Orc:2    | Found Guamuf's General Store.
 16844 | Orc:2    | Reached skill level 7 in Shields
 17292 | Orc:2    | Found Eqang's Weapon Shoppe.
 17292 | Orc:2    | Found Boicza's Distillery.
 17294 | Orc:2    | Found Koriotoe's Magic Scroll Boutique.
 17296 | Orc:2    | Found Nyamego's Book Emporium.
 17301 | Orc:2    | Bought a potion of heal wounds for 80 gold pieces
 17424 | Orc:1    | Reached skill level 2 in Throwing
 17606 | D:8      | Bought a manual of Translocations for 1120 gold pieces
 17698 | Orc:2    | Bought an Inescapable Atlas for 448 gold pieces
 17702 | Orc:2    | Learned a level 2 spell: Blink
 17838 | Swamp:1  | Entered Level 1 of the Swamp
 17948 | Swamp:1  | Reached skill level 1 in Translocations
 17948 | Swamp:1  | Reached XP level 14. HP: 97/107 MP: 19/19
 18006 | Swamp:1  | Reached skill level 2 in Translocations
 18400 | Swamp:2  | Reached skill level 3 in Translocations
 18436 | Swamp:2  | Reached skill level 4 in Translocations
 18694 | Swamp:2  | Reached skill level 3 in Throwing
 18696 | Swamp:2  | Reached skill level 15 in Dodging
 19199 | Swamp:2  | Reached skill level 5 in Translocations
 19585 | Swamp:3  | Reached skill level 6 in Translocations
 19667 | Swamp:3  | Identified the +2 leather armour of the Eternal Void
                  | {Int+3}
 19689 | Swamp:3  | Reached skill level 1 in Armour
 19742 | Swamp:3  | Noticed a thorn hunter
 19756 | Swamp:3  | Reached skill level 8 in Shields
 19761 | Swamp:3  | Killed a thorn hunter
 19762 | Swamp:3  | Reached skill level 7 in Translocations
 20183 | Swamp:4  | Entered Level 4 of the Swamp
 20234 | Swamp:4  | Reached skill level 4 in Throwing
 20267 | Swamp:4  | Found a frozen archway.
 20278 | IceCv    | Entered an ice cave
 20405 | IceCv    | Reached skill level 2 in Armour
 20618 | IceCv    | Reached skill level 8 in Translocations
 21268 | D:9      | Learned a level 1 spell: Apportation
 21589 | Swamp:4  | Reached skill level 9 in Translocations
 21645 | Swamp:4  | Reached skill level 3 in Armour
 21959 | Swamp:4  | Noticed an azure jelly
 21999 | Swamp:4  | Killed an azure jelly
 22000 | Swamp:4  | Reached XP level 15. HP: 113/113 MP: 20/20
 22094 | Swamp:4  | Reached skill level 5 in Throwing
 22229 | Swamp:4  | Got a decaying rune of Zot
 22411 | Spider:1 | Entered Level 1 of the Spider Nest
 22449 | Spider:1 | Reached skill level 2 in Spellcasting
 22643 | Spider:1 | Reached skill level 10 in Translocations
 22656 | Spider:1 | Learned a level 4 spell: Manifold Assault
 22826 | Spider:1 | Reached skill level 9 in Shields
 23027 | Spider:1 | Identified the +6 shortbow of Anger {elec, +Blink Str+4
                  | Int-2 Dex+4}
 23083 | Spider:1 | Learned a level 2 spell: Wereblood
 23087 | Spider:1 | Noticed Aizul
 23098 | Spider:1 | Killed Aizul
 23207 | Spider:1 | Reached skill level 16 in Dodging
 23277 | Spider:1 | Reached skill level 1 in Transmutations
 23351 | Spider:1 | Noticed Rupert
 23365 | Spider:1 | Reached skill level 3 in Spellcasting
 23446 | Spider:1 | Killed Rupert
 24116 | Spider:2 | Reached skill level 2 in Transmutations
 24120 | Spider:2 | Reached skill level 6 in Throwing
 24343 | Orc:2    | Bought a potion of heal wounds for 80 gold pieces
 24343 | Orc:2    | Bought a potion of heal wounds for 80 gold pieces
 25037 | Spider:2 | Reached skill level 10 in Shields
 25465 | Spider:3 | Noticed Mara
 25829 | Spider:3 | Noticed Arachne
 25949 | Spider:2 | Noticed scionoferis's illusion
 26059 | Spider:2 | Noticed scionoferis's illusion
 26061 | Spider:2 | Killed Mara
 26062 | Spider:2 | Reached skill level 4 in Spellcasting
 26062 | Spider:2 | Reached skill level 3 in Transmutations
 26135 | Spider:3 | Killed Arachne
 26786 | Spider:3 | Reached XP level 16. HP: 119/119 MP: 26/26
 26877 | Spider:4 | Entered Level 4 of the Spider Nest
 27069 | Spider:4 | Reached skill level 7 in Throwing
 27092 | Spider:4 | Reached skill level 4 in Transmutations
 27257 | Spider:4 | Reached skill level 11 in Shields
 27623 | Spider:4 | Reached skill level 17 in Dodging
 27771 | Spider:3 | Learned a level 3 spell: Vhi's Electric Charge
 27794 | Spider:4 | Reached skill level 5 in Spellcasting
 28028 | Spider:4 | Reached skill level 1 in Air Magic
 28425 | Spider:4 | Reached skill level 2 in Air Magic
 28447 | Spider:4 | Reached skill level 5 in Transmutations
 28606 | Spider:4 | Identified the +4 hat of Qelizxae {Harm Fly}
 28621 | Spider:4 | Got a gossamer rune of Zot
 30303 | D:13     | Got Igetuz's Omnibus of the Special Xalams
 30577 | D:13     | Reached skill level 12 in Shields
 30587 | D:13     | Reached skill level 3 in Air Magic
 31036 | D:13     | Reached skill level 8 in Throwing
 31433 | D:13     | You are cast into the Abyss!
 31433 | Abyss:2  | Cast into level 2 of the Abyss (a wizard)
 31495 | Abyss:2  | Reached skill level 6 in Spellcasting
 31506 | Abyss:2  | Paralysed by accursed screaming for 1 turns
 31508 | Abyss:2  | Paralysed by accursed screaming for 1 turns
 31513 | Abyss:2  | Paralysed by accursed screaming for 1 turns
 31517 | D:13     | You pass through the gate.
 31517 | D:13     | Escaped the Abyss
 31720 | D:13     | Found a gate to the Vaults.
 31988 | D:14     | Reached skill level 6 in Transmutations
 32008 | D:14     | Reached skill level 4 in Air Magic
 32008 | D:14     | Reached XP level 17. HP: 126/126 MP: 30/30
 32060 | D:14     | Reached skill level 18 in Dodging
 32572 | D:15     | Entered Level 15 of the Dungeon
 32580 | D:15     | Noticed Huashrat's ghost (adept FoFi)
 32605 | D:15     | Found a runed translucent gate.
 32605 | D:15     | Found a runed translucent gate.
 32910 | D:15     | Found a staircase to the Depths.
 32947 | D:15     | Reached skill level 6 in Fighting
 33021 | D:15     | Noticed Jorgrun
 33028 | D:15     | Killed Jorgrun
 33079 | D:15     | Found a runed translucent gate.
 33430 | D:15     | Killed Huashrat's ghost
 33482 | D:15     | Identified the +1 cloak "Jeaschuff" {rN+}
 33722 | Elf:1    | Entered Level 1 of the Elven Halls
 33733 | Elf:1    | Reached skill level 9 in Throwing
 33738 | Elf:1    | Reached skill level 6 in Stealth
 33841 | Elf:1    | Noticed Agnes
 33853 | Elf:1    | Killed Agnes
 33887 | Elf:1    | Reached skill level 7 in Fighting
 34023 | Elf:1    | Got Vehumet's Precepts of Arcane Combat
 34647 | Elf:1    | Found a runed translucent gate.
 34648 | Elf:1    | Found a runed translucent gate.
 34649 | Elf:1    | Found a runed translucent gate.
 34649 | Elf:1    | Identified the +1 buckler of Daigev {SInv}
 34652 | Elf:1    | Noticed a titan
 34654 | Elf:1    | Noticed gelatine's ghost (journeyman DsVM)
 35400 | Elf:2    | Reached skill level 8 in Fighting
 35404 | Elf:2    | Reached skill level 7 in Stealth
 35851 | Elf:2    | Identified the +6 shadow dragon scales "Vuquum" {rPois
                  | Dex+6 Stlth++++}
 35884 | Elf:2    | Found a runed translucent gate.
 35885 | Elf:2    | Found a runed translucent gate.
 35885 | Elf:2    | Found a runed translucent gate.
 35923 | Elf:3    | Entered Level 3 of the Elven Halls
 35923 | Elf:3    | Found a flickering gateway to a bazaar.
 35949 | Bazaar   | Entered a bazaar
 35951 | Bazaar   | Found Voteagruo's Book Boutique.
 35955 | Bazaar   | Found Fobruocakh's Armour Boutique.
 35955 | Bazaar   | Found Kuwyo's Weapon Boutique.
 35956 | Bazaar   | Found Mizeosunt's Magic Scroll Boutique.
 35981 | Bazaar   | Bought a +2 pair of boots of flying for 150 gold pieces
 35996 | Bazaar   | Bought 2 silver boomerangs for 132 gold pieces
 36399 | Elf:3    | Got Licw's Exposition on the Jinx
 37037 | Elf:3    | Reached skill level 19 in Dodging
 37100 | Elf:3    | Reached skill level 9 in Fighting
 37155 | Elf:3    | Reached skill level 10 in Throwing
 37172 | Elf:3    | Noticed a Hell Sentinel
 37173 | Elf:3    | Reached XP level 18. HP: 129/145 MP: 31/31
 37233 | Elf:3    | Identified the ring of Untruth {rC+ Str+6 Stlth+}
 37380 | Elf:3    | Identified the amulet "Zuenuosh" {Reflect Str+2 SH+5}
 37670 | Elf:3    | Reached skill level 8 in Stealth
 37800 | Elf:3    | Identified the +0 leather armour "Qyizare" {rPois rCorr}
 37819 | Elf:3    | Got the Omnibus of Fetid Blasting
 37823 | Elf:3    | Identified the +8 chain mail of the Four Healing Beds {rC-
                  | Dex+6}
 37842 | Elf:3    | Identified the +7 short sword of Dithmenos, Usurping
                  | {spect, rPois rN+}
 37929 | Elf:3    | Identified the +0 leather armour of Kogij {Harm}
 38914 | Elf:2    | Reached skill level 10 in Fighting
 39855 | Vaults:1 | Entered Level 1 of the Vaults
 39988 | Vaults:1 | Reached skill level 9 in Stealth
 40010 | Vaults:1 | Found a flickering gateway to a bazaar.
 40076 | Bazaar   | Entered a bazaar
 40076 | Bazaar   | Found Zasoc's Distillery.
 40076 | Bazaar   | Found Tesi's Antique Armour Emporium.
 40104 | Bazaar   | Found Dosic's Weapon Shoppe.
 40120 | Bazaar   | Found Fahev's Antique Weapon Emporium.
 40132 | Bazaar   | Bought slimy acid dragon scales for 1170 gold pieces
 40132 | Bazaar   | Identified the +3 acid dragon scales of Emol {rC+ rCorr
                  | Int+4} (You bought it in a shop in a bazaar)
 40138 | Bazaar   | Bought a potion of haste for 140 gold pieces
 40138 | Bazaar   | Bought a potion of heal wounds for 70 gold pieces
 40138 | Bazaar   | Bought a potion of haste for 140 gold pieces
 40138 | Bazaar   | Bought a potion of haste for 140 gold pieces
 40170 | Vaults:1 | Reached skill level 11 in Fighting
 40223 | Vaults:1 | Reached skill level 11 in Throwing
 41711 | Vaults:2 | Reached XP level 19. HP: 160/160 MP: 32/32
 41813 | Vaults:2 | Found a magical portal.
 41831 | WizLab   | Entered Tukima's Studio
 41896 | WizLab   | Reached skill level 12 in Fighting
 41903 | WizLab   | Learned a level 4 spell: Animate Dead
 42176 | WizLab   | Reached skill level 10 in Stealth
 42176 | WizLab   | Reached skill level 1 in Necromancy
 42323 | WizLab   | Got Porilaudgh's Teachings on Jinxing
 42424 | Vaults:2 | Reached skill level 2 in Necromancy
 42658 | Vaults:2 | Identified the +5 whip of the End of Times {heavy, Str+5}
 42769 | Vaults:2 | Found Qageire's Antique Weapon Shop.
 43036 | Vaults:2 | Found Jecea's Magic Scroll Shop.
 43158 | Vaults:2 | Found Xecryam's Jewellery Shoppe.
 43166 | Vaults:2 | Bought a ring of see invisible for 180 gold pieces
 43229 | Vaults:2 | Found Seppus's Armour Emporium.
 43238 | Vaults:2 | Bought a +0 pair of gloves of dexterity for 161 gold pieces
 43771 | Vaults:2 | Reached skill level 3 in Necromancy
 43920 | Vaults:2 | Found Faullib's Assorted Antiques.
 44158 | Vaults:2 | Reached skill level 12 in Throwing
 44858 | Vaults:2 | Reached skill level 20 in Dodging
 45168 | Vaults:2 | Reached skill level 4 in Necromancy
 45318 | Vaults:2 | Reached skill level 11 in Stealth
 45380 | Vaults:3 | You are sucked into a shaft and drop 1 floor!
 45578 | Vaults:3 | Reached skill level 5 in Necromancy
 46433 | Vaults:3 | Reached skill level 6 in Necromancy
 46515 | Vaults:3 | Identified the +1 ring mail of Beloved Liberty {Rampage
                  | Will+ Stlth+}
 46618 | Vaults:3 | Found a staircase to the Crypt.
 46618 | Vaults:3 | Noticed a curse skull
 46627 | Vaults:3 | Killed a curse skull
 46969 | Vaults:3 | Reached skill level 12 in Stealth
 47676 | Vaults:2 | Bought a ring of willpower for 300 gold pieces
 48266 | Vaults:4 | Reached XP level 20. HP: 130/168 MP: 33/33
 48457 | Vaults:4 | Reached skill level 7 in Necromancy
 48486 | Vaults:4 | Reached skill level 7 in Evocations
 49015 | Vaults:4 | Reached skill level 8 in Necromancy
 49261 | Vaults:4 | Reached skill level 8 in Evocations
 50053 | Vaults:4 | Reached skill level 9 in Necromancy
 50290 | Vaults:4 | Reached skill level 9 in Evocations
 50551 | Vaults:2 | Bought a scroll of blinking for 82 gold pieces
 50551 | Vaults:2 | Bought a scroll of blinking for 82 gold pieces
 50699 | Crypt:1  | Entered Level 1 of the Crypt
 50704 | Crypt:1  | Identified the +3 trident of Otent {heavy, Will+ Str+2
                  | Dex+4}
 50735 | Crypt:1  | Reached skill level 21 in Dodging
 51115 | Crypt:1  | Reached skill level 10 in Evocations
 51893 | Crypt:2  | Reached skill level 10 in Necromancy
 51946 | Crypt:2  | Identified a +0 robe of resistance
 51956 | Crypt:2  | Reached skill level 11 in Evocations
 51961 | Crypt:2  | Noticed a curse skull
 51974 | Crypt:2  | Killed a curse skull
 52237 | Crypt:2  | Noticed Xtahua
 52505 | Crypt:2  | Killed Xtahua
 52625 | Crypt:2  | Found a runed translucent door.
 52627 | Crypt:2  | Noticed Hyrrirob's ghost (veteran GrEE)
 53084 | Crypt:2  | Reached skill level 12 in Evocations
 53141 | Crypt:2  | Killed Hyrrirob's ghost
 53142 | Crypt:2  | Reached XP level 21. HP: 130/174 MP: 35/35
 53268 | Crypt:3  | Entered Level 3 of the Crypt
 53271 | Crypt:3  | Noticed a curse skull
 53292 | Crypt:3  | Killed a curse skull
 53882 | Crypt:3  | Got Reirghemo's Codex of Darkness
 54580 | Crypt:3  | Found a staircase to the Tomb.
 54926 | Crypt:2  | Reached skill level 13 in Evocations
 55342 | Crypt:3  | Noticed a dread lich
 55364 | Crypt:3  | Killed a dread lich
 55471 | Crypt:3  | Identified the +4 helmet of the Equinox {rCorr SInv}
 55630 | Crypt:3  | Reached skill level 22 in Dodging
 57095 | Depths:1 | Entered Level 1 of the Depths
 57119 | Depths:1 | Reached skill level 13 in Fighting
 57119 | Depths:1 | Reached skill level 13 in Throwing
 57186 | Depths:1 | Noticed Sojobo
 57201 | Depths:1 | Killed Sojobo
 57202 | Depths:1 | Reached skill level 14 in Evocations
 57463 | D:15     | Learned a level 6 spell: Death Channel
 57906 | Depths:1 | Noticed a golden dragon
 58049 | Depths:1 | Found a one-way gate to the infinite horrors of the Abyss.
 58159 | Depths:1 | Killed a golden dragon
 58187 | Depths:1 | Found a gateway to Hell.
 59004 | Depths:2 | Reached XP level 22. HP: 158/187 MP: 36/36
 59646 | Depths:2 | Found a one-way gate leading to the halls of Pandemonium.
 60014 | Depths:3 | You are sucked into a shaft and drop 1 floor!
 60014 | Depths:4 | Entered Level 4 of the Depths
 60014 | Depths:4 | Found a gate to the Realm of Zot.
 60332 | Depths:4 | Noticed an ancient lich
 60726 | Depths:3 | Reached skill level 11 in Necromancy
 61214 | Depths:3 | Reached skill level 15 in Evocations
 61238 | Depths:3 | Found a gateway to a bazaar.
 61982 | Depths:3 | Reached skill level 14 in Throwing
 61999 | Depths:3 | Reached skill level 14 in Fighting
 62034 | Depths:3 | Noticed a juggernaut
 62060 | Depths:3 | Killed a juggernaut
 63137 | Depths:4 | Reached skill level 12 in Necromancy
 63499 | Depths:4 | NinjaNoafa: hows demigod
 63649 | Depths:4 | NinjaNoafa: ive never really heard about it nor seen a game
                  | of it
 63992 | Depths:4 | Noticed an ancient lich
 63992 | Depths:4 | Noticed a dread lich
 64140 | Depths:4 | Found a one-way gateway to a ziggurat.
 64591 | Depths:4 | Killed a dread lich
 64591 | Depths:4 | Killed an ancient lich
 64592 | Depths:4 | Killed an ancient lich
 65562 | Slime:1  | Entered Level 1 of the Pits of Slime
 66846 | Slime:1  | Reached XP level 23. HP: 196/196 MP: 15/37
 67747 | Slime:2  | Reached skill level 13 in Necromancy
 68726 | Slime:4  | Reached skill level 23 in Dodging
 70026 | Slime:5  | Entered Level 5 of the Pits of Slime
 70624 | Slime:5  | Noticed the Royal Jelly
 70634 | Slime:5  | Killed the Royal Jelly
 70635 | Slime:5  | Reached skill level 11 in Translocations
 70785 | Slime:5  | Reached skill level 7 in Transmutations
 70969 | Slime:5  | Found the ring of the Octopus King
 71169 | Slime:5  | Identified the amulet "Umueno" {Acrobat Fragile rF+ Int-4
                  | Dex+9}
 71174 | Slime:5  | Identified a ring of the Octopus King {HP+2 AC+2 EV+2 SH+2
                  | SInv}
 71205 | Slime:5  | Identified the ring of Undoing {Fire Will+ Str+3 Int+3}
 71216 | Slime:5  | Got a slimy rune of Zot
 72225 | Zot:1    | Entered Level 1 of the Realm of Zot
 72276 | Zot:1    | Reached skill level 15 in Fighting
 72576 | Zot:1    | Reached skill level 7 in Spellcasting
 72598 | Zot:1    | Reached skill level 15 in Throwing
 72867 | Zot:1    | Found a transporter.
 72871 | Zot:1    | Noticed Ytolar's ghost (legendary DsFi)
 72890 | Zot:1    | Noticed an orb of fire
 72958 | Zot:1    | Found a transporter.
 73074 | Zot:1    | Noticed an orb of fire
 73302 | Zot:2    | Identified the ring "Moveref" {Ice Str+3 Int+5}
 73302 | Zot:2    | Noticed Josephina
 73337 | Zot:2    | Killed Josephina
 73660 | Zot:2    | Noticed a dread lich
 73661 | Zot:2    | Noticed a dread lich
 73684 | Zot:2    | Noticed a dread lich
 73686 | Zot:2    | Reached skill level 8 in Transmutations
 73694 | Zot:2    | Killed a dread lich
 73721 | Zot:2    | Killed a dread lich
 73745 | Zot:2    | Killed a dread lich
 74108 | Zot:2    | Reached skill level 12 in Translocations
 74183 | Zot:2    | Noticed Grunn
 74212 | Zot:2    | Killed Grunn
 74962 | Zot:2    | Reached skill level 9 in Transmutations
 75036 | Zot:3    | Noticed a Killer Klown
 75046 | Zot:3    | Noticed a Killer Klown
 75046 | Zot:3    | Noticed a dread lich
 75046 | Zot:3    | Noticed a Killer Klown
 75046 | Zot:3    | Noticed a Killer Klown
 75050 | Zot:3    | Killed a Killer Klown
 75051 | Zot:3    | Reached XP level 24. HP: 207/207 MP: 39/40
 75062 | Zot:3    | Killed a dread lich
 75113 | Zot:2    | Killed a Killer Klown
 75122 | Zot:2    | Killed a Killer Klown
 75181 | Zot:3    | Killed a Killer Klown
 75272 | Zot:3    | Noticed a curse toe
 75341 | Zot:3    | HP: 8/207 [poisoned by a death drake (dark miasma)]
 75342 | Zot:3    | Succumbed to a death drake's dark miasma

Vanquished Creatures
  the Royal Jelly (Slime:5)
  6 dread liches (Crypt:3 Depths:4 Zot:2 Zot:3)
  Mara (Spider:2)
  2 ancient liches (Depths:4)
  A juggernaut (Depths:3)
  Sojobo (Depths:1)
  Josephina (Zot:2)
  4 Killer Klowns (Zot:3 Zot:2)
  Xtahua (Crypt:2)
  The ghost of Hyrrirob the Devastator, a veteran GrEE of Lugonu (Crypt:2)
  3 golden dragons (Depths:1 Depths:4 Zot:2)
  Arachne (Spider:3)
  2 doom hounds (Zot:2)
  4 bone dragons (Crypt:3 Depths:4)
  A shard shrike zombie (Crypt:3)
  6 tentacled monstrosities (Zot:1 Zot:2)
  Grunn (Zot:2)
  Rupert (Spider:1)
  A shard shrike skeleton (Crypt:1)
  Jorgrun (D:15)
  A walking crystal tome (Depths:1)
  A walking earthen tome (Depths:3)
  A walking frostbound tome (WizLab)
  5 liches (Crypt:3 Depths:3)
  2 deep elf master archers (Elf:3)
  A walking divine tome (Depths:2)
  23 acid blobs (Slime:1 Slime:2 Slime:3 Slime:5 Slime:4)
  9 ancient champions (Crypt:1 Crypt:3 Crypt:2)
  3 quicksilver dragons (Depths:3 Zot:2)
  7 sphinxes (D:15 Vaults:4 Depths:1 Depths:4)
  2 deep elf blademasters (Elf:3)
  4 death cobs (Zot:2)
  A thorn hunter (Swamp:3)
  Kirke (Lair:4)
  4 tengu reavers (Depths:1 D:15 Depths:2 Depths:3)
  6 storm dragons (Depths:3 Zot:1 Zot:2)
  13 rockslimes (Slime:1 Lair:4 Slime:2 Slime:3 Slime:4)
  Agnes (Elf:1)
  5 shadow dragons (Depths:3 Zot:2)
  A strange machine (WizLab)
  The ghost of Huashrat the Severer, an adept FoFi of Okawaru (D:15)
  4 revenants (Crypt:2 Crypt:3)
  A draconian monk (Zot:1)
  8 fire giants (Vaults:2 Depths:2 Depths:4 Depths:3)
  14 azure jellies (Swamp:4 Slime:1 Slime:4 Slime:5)
  2 draconian knights (Depths:4 Zot:2)
  5 emperor scorpions (Spider:1 Spider:4)
  7 ghost moths (Spider:1 Spider:3 Spider:4 Zot:2)
  4 draconian scorchers (Depths:4 Zot:1 Zot:2)
  4 frost giants (Depths:2 Depths:3 Depths:4)
  9 deep elf sorcerers (Elf:1 Elf:3)
  11 vault wardens (Vaults:1 Vaults:2 Vaults:3 Vaults:4)
  2 draconian annihilators (Zot:1 Zot:3)
  3 curse skulls (Vaults:3 Crypt:2 Crypt:3)
  Aizul (Spider:1)
  5 ghouls (Crypt:2)
  A cacodemon (Depths:2)
  A draconian shifter (Zot:3)
  A deep elf elementalist (Elf:3)
  2 draconian stormcallers (Depths:4 Zot:1)
  3 orc warlords (D:13 Vaults:2 Vaults:3)
  A caustic shrike skeleton (Crypt:3)
  11 stone giants (Depths:1 Depths:2 Depths:3 Depths:4)
  11 quicksilver oozes (Slime:1 Slime:4 Slime:5)
  21 ironbound preservers (Vaults:1 Vaults:2 Vaults:3 Vaults:4)
  14 very ugly things (IceCv Vaults:2 Vaults:4 Depths:1 Depths:2)
  4 spriggan defenders (Depths:2 Depths:3)
  2 broodmothers (Spider:2 Spider:3)
  3 eleionomae (Swamp:2 Swamp:3 Swamp:4)
  8 vampire knights (Crypt:1 Crypt:2 Zot:2)
  3 green draconians (Zot:1 Zot:2)
  9 ironbound thunderhulks (Vaults:2 Vaults:3 Vaults:4)
  2 putrid mouths (Zot:2)
  2 purple draconians (Zot:1 Zot:3)
  5 bunyips (Swamp:1 Swamp:2 Swamp:3 Swamp:4)
  5 deep elf demonologists (Elf:3)
  2 deep elf annihilators (Elf:2 Elf:3)
  12 dire elephants (Lair:5 Vaults:3 Vaults:4)
  A yellow draconian (Zot:3)
  3 black draconians (Depths:4 Zot:1 Zot:2)
  6 red draconians (Depths:4 Zot:2)
  8 spark wasps (Spider:1 Spider:4 Depths:2)
  The ghost of Sotat the Unseen, a journeyman KoEn of Wu Jian (Lair:1)
  3 white draconians (Depths:4 Zot:2 Zot:3)
  6 eidola (Crypt:1 Crypt:2 Crypt:3)
  Snorg (D:11)
  5 ettins (D:15 Depths:1 Depths:4)
  A crystal guardian (Vaults:4)
  A merfolk javelineer (Depths:3)
  10 yaktaur captains (Vaults:1 Vaults:2 Vaults:4 Vaults:3 Depths:4)
  A merfolk impaler (Depths:3)
  10 deep elf death magi (Elf:3 Crypt:1 Crypt:2 Crypt:3)
  3 deep elf high priests (Elf:3 Depths:4)
  5 entropy weavers (Spider:1 Spider:3 Spider:4)
  A shambling mangrove (Swamp:4)
  11 great orbs of eyes (Vaults:1 Vaults:2 Vaults:3 Vaults:4 Slime:4)
  7 fire dragons (D:15 Depths:1 Depths:3 Depths:4)
  9 jiangshi (Crypt:1 Crypt:2 Crypt:3)
  A fenstrider witch zombie (Crypt:2)
  3 caustic shrike simulacra (IceCv)
  15 vault guards (D:13 D:15 Vaults:1 Vaults:2 Vaults:4)
  A salamander tyrant (Depths:3)
  4 ghost crabs (Swamp:3 Swamp:4)
  13 rakshasas (WizLab Depths:1 Depths:3)
  10 hydras (Lair:4 Lair:5 Lair:3 Swamp:2 Swamp:3)
  4 spriggan air magi (Depths:1 Depths:3 Depths:2)
  A peacekeeper (Vaults:4)
  3 alligators (Swamp:2 Swamp:3)
  A jorogumo (Spider:3)
  3 spriggan skeletons (Crypt:3)
  4 catoblepae (Lair:2 Lair:5 D:13)
  6 ice dragons (Swamp:4 Depths:2 Depths:3)
  9 ironbound frosthearts (Vaults:1 Vaults:2 Vaults:4 Vaults:3)
  14 centaur warriors (D:14 Vaults:1 Vaults:2 Vaults:3)
  4 radroaches (Spider:1 Spider:2 Spider:4)
  3 ogre magi (D:13 D:15 Vaults:2)
  8 two-headed ogres (D:10 D:13 D:15)
  5 boulder beetles (Lair:5 D:13 D:14 D:15 Vaults:1)
  2 death knights (D:13 Crypt:1)
  A fenstrider witch skeleton (Crypt:3)
  39 dancing weapons (Elf:1 Elf:2 Elf:3 WizLab)
  4 death yaks (Lair:4)
  10 deep troll shamans (Depths:1 Depths:2 Depths:3 Depths:4)
  9 deep troll earth magi (D:15 Depths:1 Depths:2 Depths:3 Depths:4)
  A death scarab (Spider:2)
  6 tengu warriors (D:12 D:15 Depths:3 Depths:4)
  2 orc high priests (Vaults:3 Vaults:2)
  A quicksilver ooze zombie (Crypt:1)
  7 spriggan berserkers (Swamp:4 D:15 Depths:2 Depths:4 Depths:3)
  9 hell knights (D:15 Depths:2 Depths:4 Depths:3)
  4 vampire magi (Crypt:2 Crypt:3 Depths:2)
  A soul eater (Crypt:1)
  Amaemon (Lair:3)
  A wretched star (Abyss:2)
  13 deep elf knights (Elf:2)
  A fire crab (shapeshifter) (D:15)
  7 pharaoh ants (Spider:2 Spider:4)
  6 iron trolls (Depths:1 Depths:2 Depths:4 Depths:3)
  59 skeletal warriors (D:13 Crypt:1 Crypt:2 Crypt:3)
  76 deep trolls (D:15 Vaults:1 Vaults:2 Vaults:3 Vaults:4)
  4 shadow wraiths (Crypt:2 Crypt:3)
  3 goliath frogs (Swamp:1 Swamp:4)
  2 salamander mystics (Depths:3)
  A storm dragon skeleton (Crypt:2)
  5 flayed ghosts (Crypt:2 Depths:2 Depths:3 Depths:4)
  A spriggan druid (Swamp:3)
  5 steelbarb worms (Spider:1 Spider:2 Spider:3 Spider:4)
  2 swamp dragons (Swamp:2)
  2 glowing orange brains (Depths:2 Depths:3)
  8 orb spiders (Spider:3 Spider:4)
  A quicksilver dragon simulacrum (Zot:2)
  A bunyip skeleton (Crypt:2)
  9 wizards (D:13 Vaults:1 Vaults:2 Vaults:3 Vaults:4)
  18 orc knights (Orc:2 D:13 D:15 Vaults:1 Vaults:2)
  9 phantasmal warriors (Vaults:3 Crypt:1 Crypt:2)
  11 deep elf archers (Elf:1 Elf:2 Elf:3)
  6 bog bodies (Swamp:1 Swamp:2 Swamp:4 Crypt:2 Crypt:3)
  20 deep elf zephyrmancers (Elf:1 Elf:2 Elf:3)
  A goliath frog zombie (Crypt:1)
  8 harpies (Vaults:1)
  An anaconda skeleton (Crypt:3)
  8 lindwurms (Lair:5 Vaults:2 Vaults:4)
  An iron dragon zombie (Crypt:3)
  19 ironbound convokers (Vaults:1 Vaults:2 Vaults:3 Vaults:4)
  A shining eye (shapeshifter) (Depths:2)
  A will-o-the-wisp (Swamp:2)
  2 orange crystal statues (IceCv)
  24 deep elf pyromancers (D:15 Elf:1 Elf:2)
  3 manticores (Lair:5 D:11)
  10 shining eyes (Slime:1 Slime:2 Slime:3 Slime:4 Slime:5)
  A sphinx skeleton (Vaults:1)
  5 necromancers (D:15 Vaults:1 Crypt:2 Depths:3)
  35 ugly things (Volcano D:13 D:14 Vaults:1 Vaults:2)
  5 salamanders (Depths:3)
  20 wolf spiders (Spider:1 Spider:2 Spider:4)
  A manticore (shapeshifter) (Depths:4)
  3 orc sorcerers (Volcano Orc:1 Elf:3)
  8 cyclopes (D:11 Orc:1 D:12 D:14 D:15)
  4 black mambas (Lair:5)
  12 moths of wrath (Zot:1 Zot:2)
  Maurice (D:8)
  A shock serpent zombie (Crypt:2)
  4 torpor snails (Spider:1 Spider:2 Spider:3 Spider:4)
  An eye of devastation (Slime:4)
  2 orange demons (Lair:3 Depths:2)
  17 vault sentinels (Vaults:1 Vaults:2 Vaults:3 Vaults:4)
  2 smoke demons (Volcano Depths:2)
  A dire elephant skeleton (Crypt:3)
  15 cane toads (Lair:1 Lair:2 Lair:3 Lair:4 Lair:5)
  2 gargoyles (D:11 D:13)
  6 demonic crawlers (Spider:1 Spider:2 Spider:3)
  A kobold demonologist (D:11)
  A purple draconian zombie (Crypt:3)
  4 rime drakes (Lair:4 Lair:5)
  A naga skeleton (Crypt:3)
  3 unseen horrors (D:11 D:13)
  6 freezing wraiths (IceCv Swamp:4 Crypt:1)
  8 komodo dragons (Lair:2 Lair:3 Lair:4 Lair:5)
  An elephant slug zombie (Crypt:1)
  4 centaur skeletons (Abyss:2 Crypt:3)
  30 yaktaurs (Vaults:1 Vaults:4 Vaults:3)
  2 tengu conjurers (D:13 D:15)
  A yaktaur (shapeshifter) (D:13)
  3 anaconda simulacra (IceCv)
  A black draconian skeleton (Crypt:2)
  4 trolls (D:10 Orc:1)
  A troll (shapeshifter) (Elf:3)
  5 harpy skeletons (Crypt:3)
  10 meliai (Lair:1 Spider:1 Spider:2 D:13)
  24 tarantellas (Spider:1 Spider:2 Spider:3 Spider:4)
  2 queen bees (Lair:1)
  A guardian serpent zombie (Crypt:1)
  14 hornets (D:9 D:10 Lair:1 Swamp:2 Swamp:3)
  8 tyrant leeches (Swamp:1 Swamp:2 Swamp:3 Swamp:4)
  A blink frog (shapeshifter) (D:15)
  5 blink frogs (Lair:4 Lair:5)
  7 dream sheep (Lair:4)
  119 slime creatures (D:11 D:12 D:13 D:15 Vaults:2)
  A jumping spider (shapeshifter) (Spider:3)
  23 culicivoras (Lair:2 Spider:2 Spider:3 Spider:4)
  18 flying skulls (Vaults:3 Crypt:1 Crypt:3)
  22 jumping spiders (Lair:2 Spider:1 Spider:2 Spider:3 Spider:4)
  Sigmund (D:4)
  5 wraiths (D:12 Crypt:1 Crypt:2 Crypt:3)
  2 air elementals (Elf:1)
  An ettin skeleton (Crypt:3)
  A vampire (D:12)
  16 water elementals (Elf:1 Elf:2 D:15 Depths:1 Depths:3)
  4 wyverns (Lair:3 Lair:4 Lair:5)
  A shadow (D:12)
  A black mamba skeleton (Crypt:2)
  34 yaks (D:10 D:11 Lair:1 Lair:2 Lair:3)
  2 fire elementals (Elf:1 Elf:2)
  16 golden eyes (Slime:1 Slime:3 Slime:4)
  2 humans (D:13)
  5 spriggans (Swamp:2 Swamp:3 Depths:2)
  3 basilisks (Lair:5 D:14)
  A golden eye (shapeshifter) (Depths:2)
  57 redbacks (Lair:2 Spider:1 Spider:2 Spider:3 Spider:4)
  2 hogs (Lair:4)
  10 vampire mosquitoes (Swamp:2 D:11 D:12 D:13)
  A naga zombie (Crypt:2)
  A steam dragon (Lair:4)
  A neqoxec (Depths:2)
  A green draconian simulacrum (Zot:2)
  A chaos spawn (Depths:2)
  12 swamp worms (Swamp:1 Swamp:2 Swamp:3 Swamp:4)
  4 swamp worm simulacra (Swamp:4)
  2 harpy simulacra (IceCv)
  A yellow draconian simulacrum (Zot:2)
  A warg (Orc:2)
  A human zombie (Vaults:1)
  13 water moccasins (D:8 D:9 Lair:1 Lair:2 Lair:3)
  15 hydra simulacra (IceCv Swamp:4)
  3 hell hounds (Lair:5 Volcano)
  2 floating eyes (Zot:2)
  2 moth of wrath simulacra (Zot:2)
  An ice beast (D:5)
  50 orc warriors (D:4 D:6 D:9 D:10 D:11)
  A sky beast (D:8)
  2 swamp drakes (Swamp:2 Swamp:3)
  2 ettin simulacra (IceCv)
  A lindwurm zombie (Crypt:1)
  2 alligator simulacra (IceCv)
  5 black bears (D:5 D:9 D:8 Lair:3)
  12 ogres (D:5 D:6 Orc:2 Orc:1 D:13)
  25 wolves (Lair:1 Lair:2 Lair:3 Lair:4 Lair:5)
  An elephant zombie (Crypt:1)
  19 centaurs (D:5 D:7 D:8 D:9 D:10)
  An orc skeleton (Vaults:1)
  A phantom (D:4)
  A vine stalker zombie (Crypt:3)
  Blork the orc (D:4)
  2 kobold brigands (D:8 D:10)
  A gnoll sergeant (D:11)
  14 bullfrogs (D:7 D:9 Lair:1 Lair:3 Lair:4)
  An elf skeleton (Crypt:3)
  2 necrophages (D:6 D:7)
  A water moccasin zombie (Crypt:1)
  3 scorpions (D:5 D:9)
  2 earth elementals (Elf:1 Elf:2)
  3 wights (D:8 D:9)
  35 killer bees (D:8 Lair:1)
  3 lindwurm simulacra (IceCv)
  2 shapeshifter skeletons (Crypt:1 Crypt:3)
  2 howler monkeys (D:5 D:12)
  A vampire bat (Lair:4)
  7 electric eels (Lair:3 Spider:1 Spider:2 Spider:4 D:14)
  3 centaur zombies (Ossuary)
  8 hounds (D:4 D:6 D:7)
  A jelly (D:7)
  A basilisk zombie (Crypt:3)
  10 orc priests (D:4 D:5 D:6 D:7 Orc:1)
  2 starcursed masses (Abyss:2)
  A gnoll bouda (D:6)
  A black bear zombie (Crypt:3)
  20 orc wizards (D:4 D:6 D:7 D:8 D:9)
  Ijyb (D:4)
  4 iguanas (D:5 D:6)
  2 human skeletons (Crypt:2 Crypt:3)
  A deep dwarf skeleton (Crypt:2)
  6 mummies (Ossuary)
  9 gnolls (D:6 D:11)
  8 adders (D:2 D:3 D:4 D:6)
  A swamp drake skeleton (Crypt:2)
  A steam dragon skeleton (Crypt:1)
  A shadow imp (D:7)
  4 swamp drake simulacra (Swamp:4)
  A worm zombie (D:8)
  An adder skeleton (Crypt:2)
  A dart slug (D:1)
  86 orcs (D:4 D:3 D:5 D:6 D:7)
  6 endoplasms (D:1 D:2 D:3)
  8 giant cockroaches (D:1 D:2 D:3 D:4)
  8 goblins (D:1 D:2 D:3 D:4 D:7)
  A hobgoblin (D:10)
  7 quokkas (D:1 D:2 D:3 D:4)
  4 ball pythons (D:1 D:4 D:10)
  14 bats (D:1 D:2 D:3 Lair:4)
  2 frilled lizards (D:1 D:3)
  A frilled lizard zombie (Crypt:2)
  7 hobgoblin zombies (Ossuary Crypt:1)
  24 kobolds (D:1 D:2 D:3 D:7 D:8)
  An orc zombie (D:8)
  5 rats (D:1 D:2 D:3)
  A rat zombie (D:8)
  A spectral goblin (D:7)
2157 creatures vanquished.

Vanquished Creatures (collateral kills)
  2 freezing wraiths (IceCv)
  A redback (Spider:2)
3 creatures vanquished.

Vanquished Creatures (others)
  A draconian scorcher (Zot:1)
  A vault warden (Vaults:4)
  A draconian stormcaller (Zot:1)
  A draconian shifter (Zot:1)
  2 green draconians (Zot:1)
  An ironbound frostheart (Vaults:1)
  An alligator (Swamp:4)
  A goliath frog (Swamp:4)
  A swamp dragon (Swamp:4)
  A deep elf pyromancer (Elf:2)
  A will-o-the-wisp (Swamp:3)
  A bloated husk (Swamp:1)
  A redback (Spider:3)
  2 swamp worms (Swamp:3 Swamp:4)
  A centaur (Orc:2)
  A kobold (D:8)
  A bush (Depths:4)
  A butterfly (Depths:4)
  4 foxfires (Swamp:3)
  54 fungi (D:9 Lair:3 Lair:4 Lair:5 Swamp:2)
  45 plants (D:9 Lair:2 Lair:5 Lair:4)
123 creatures vanquished.

Grand Total: 2283 creatures vanquished

Table legend: (Time is in decaauts)
 A = Elapsed time spent in this place.
 B = Non-inter-level travel time spent in this place.
 C = Inter-level travel time spent in this place.
 D = Time resting spent in this place.
 E = Time spent auto-exploring this place.
 F = Levels seen in this place.
 G = Mean time per level.
                   A        B        C        D        E       F      G
               +--------+--------+--------+--------+--------+-----+--------+
         Total |  73582 |  61881 |  11701 |  12362 |  31711 |  59 | 1247.2 |
       Dungeon |  17236 |  12838 |   4398 |   1962 |   6980 |  15 | 1149.1 |
          Lair |   7758 |   5960 |   1798 |   1023 |   3583 |   5 | 1551.6 |
         Swamp |   3552 |   3194 |    358 |    661 |   1455 |   4 |  888.0 |
   Spider Nest |   6105 |   5349 |    756 |   1364 |   2122 |   4 | 1526.2 |
    Slime Pits |   4976 |   4615 |    361 |   1386 |   2328 |   5 |  995.2 |
  Orcish Mines |   1590 |   1133 |    457 |    135 |    598 |   2 |  795.0 |
   Elven Halls |   5855 |   5019 |    836 |    882 |   2662 |   3 | 1951.7 |
        Vaults |   9276 |   7552 |   1724 |   1601 |   4100 |   4 | 2319.0 |
         Crypt |   5139 |   4927 |    212 |   1002 |   2372 |   3 | 1713.0 |
        Depths |   7540 |   6788 |    752 |   1710 |   3502 |   4 | 1885.0 |
           Zot |   2802 |   2758 |     44 |    232 |   1889 |   3 |  934.0 |
         Abyss |     77 |     77 |      0 |      0 |      0 |   1 |   77.0 |
        Bazaar |    144 |    144 |      0 |      0 |     75 |   2 |   72.0 |
       Ossuary |    226 |    226 |      0 |     95 |     11 |   1 |  226.0 |
      Ice Cave |    570 |    570 |      0 |    202 |      0 |   1 |  570.0 |
       Volcano |    223 |    223 |      0 |      0 |     33 |   1 |  223.0 |
        Wizlab |    506 |    506 |      0 |    104 |      0 |   1 |  506.0 |
               +--------+--------+--------+--------+--------+-----+--------+

Top non-repeatable levels by time:
Vaults:2: 2965 daAuts
    D:13: 2288 daAuts
Depths:4: 2275 daAuts
   Elf:2: 2217 daAuts
Vaults:3: 2192 daAuts
Depths:3: 2187 daAuts
 Crypt:3: 2168 daAuts
Vaults:1: 2121 daAuts
Spider:1: 2049 daAuts
Vaults:4: 1997 daAuts
   Elf:3: 1845 daAuts
     D:9: 1830 daAuts
Depths:2: 1821 daAuts
 Crypt:2: 1796 daAuts
   Elf:1: 1793 daAuts

Table legend:
 A = Non-vault XP
 B = Vault XP
 C = Vault XP percentage of total XP
 D = Non-vault monster count
 E = Vault monster count
 F = Vault count percentage of total count
                 A         B        C        D         E       F
            +---------+---------+-------+---------+---------+-------
      Total |  687870 |  510217 |  42.6 |    1384 |     762 |  35.5
            +---------+---------+-------+---------+---------+-------
        D:1 |      28 |       0 |   0.0 |      18 |       0 |   0.0
        D:2 |      68 |       0 |   0.0 |      21 |       0 |   0.0
        D:3 |      41 |       6 |  12.8 |      16 |       2 |  11.1
        D:4 |     374 |     570 |  60.4 |      17 |       8 |  32.0
        D:5 |     941 |       0 |   0.0 |      16 |       0 |   0.0
        D:6 |     712 |       0 |   0.0 |      23 |       0 |   0.0
        D:7 |     831 |       3 |   0.4 |      22 |       2 |   8.3
        D:8 |     859 |     731 |  46.0 |      23 |       7 |  23.3
        D:9 |     719 |    1075 |  59.9 |       8 |      24 |  75.0
       D:10 |    4250 |      42 |   1.0 |      32 |       4 |  11.1
       D:11 |    3512 |    1630 |  31.7 |      20 |       3 |  13.0
       D:12 |    4530 |       0 |   0.0 |      18 |       0 |   0.0
       D:13 |   16593 |    5199 |  23.9 |      31 |       9 |  22.5
       D:14 |   10111 |       0 |   0.0 |      19 |       0 |   0.0
       D:15 |   10092 |   15671 |  60.8 |      31 |      17 |  35.4
     Lair:1 |    2772 |    4914 |  63.9 |      15 |      39 |  72.2
     Lair:2 |    2357 |    3052 |  56.4 |      10 |      15 |  60.0
     Lair:3 |    3905 |    1193 |  23.4 |      17 |       2 |  10.5
     Lair:4 |   12602 |    4482 |  26.2 |      38 |      20 |  34.5
     Lair:5 |    6381 |    8827 |  58.0 |      18 |      20 |  52.6
    Swamp:1 |    3760 |       0 |   0.0 |       8 |       0 |   0.0
    Swamp:2 |    9738 |       0 |   0.0 |      21 |       0 |   0.0
    Swamp:3 |   12609 |       0 |   0.0 |      21 |       0 |   0.0
    Swamp:4 |    8016 |    7583 |  48.6 |      14 |      29 |  67.4
   Spider:1 |   18604 |    2958 |  13.7 |      51 |       2 |   3.8
   Spider:2 |   17759 |    4441 |  20.0 |      56 |       1 |   1.8
   Spider:3 |    9158 |    3271 |  26.3 |      20 |       3 |  13.0
   Spider:4 |   17914 |   21564 |  54.6 |      38 |      45 |  54.2
    Slime:1 |   15342 |       0 |   0.0 |      26 |       0 |   0.0
    Slime:2 |   11439 |       0 |   0.0 |      23 |       0 |   0.0
    Slime:3 |   15226 |       0 |   0.0 |      31 |       0 |   0.0
    Slime:4 |   22368 |    7016 |  23.9 |      53 |      10 |  15.9
    Slime:5 |    9019 |   19267 |  68.1 |       8 |      12 |  60.0
      Orc:1 |    2976 |       0 |   0.0 |      25 |       0 |   0.0
      Orc:2 |    1013 |    4733 |  82.4 |      14 |      37 |  72.5
      Elf:1 |   17638 |    8107 |  31.5 |      29 |      11 |  27.5
      Elf:2 |   16149 |   29190 |  64.4 |      26 |      40 |  60.6
      Elf:3 |    5087 |   28056 |  84.7 |       8 |      24 |  75.0
   Vaults:1 |   52544 |    5150 |   8.9 |      72 |       8 |  10.0
   Vaults:2 |   10155 |   35870 |  77.9 |      17 |      50 |  74.6
   Vaults:3 |   24974 |   25728 |  50.7 |      38 |      44 |  53.7
   Vaults:4 |   40155 |   34989 |  46.6 |      53 |      47 |  47.0
    Crypt:1 |   34412 |    1825 |   5.0 |      52 |       5 |   8.8
    Crypt:2 |   30706 |    5742 |  15.8 |      42 |       3 |   6.7
    Crypt:3 |   23100 |   55500 |  70.6 |      29 |      69 |  70.4
   Depths:1 |   29590 |   10229 |  25.7 |      35 |       5 |  12.5
   Depths:2 |   29079 |   12318 |  29.8 |      37 |      15 |  28.8
   Depths:3 |   38912 |   20806 |  34.8 |      52 |      16 |  23.5
   Depths:4 |   18177 |   33526 |  64.8 |      18 |      19 |  51.4
      Zot:1 |   13226 |     535 |   3.9 |      12 |       1 |   7.7
      Zot:2 |   42052 |   44825 |  51.6 |      34 |      28 |  45.2
      Zot:3 |    4071 |   12559 |  75.5 |       4 |       4 |  50.0
    Abyss:2 |    1224 |       0 |   0.0 |       4 |       0 |   0.0
    Ossuary |       0 |     257 | 100.0 |       0 |      15 | 100.0
      IceCv |       0 |    9480 | 100.0 |       0 |      24 | 100.0
    Volcano |       0 |    2656 | 100.0 |       0 |       6 | 100.0
     WizLab |       0 |   14641 | 100.0 |       0 |      17 | 100.0
            +---------+---------+-------+---------+---------+-------
